 Dungeon Crawl Stone Soup version 0.31.0-12-g77e489cdc1 (webtiles) character file.

Game seed: 18135195143664751027

7502138 vimes the Archmage (level 27, 199/199 HPs)
             Began as a Gargoyle Alchemist on Feb 14, 2024.
             Was an Initiate of Gozag.
             Escaped with the Orb
             ... and 15 runes on Feb 20, 2024!
             The game lasted 13:00:26 (243537 turns).

vimes the Archmage (Gargoyle Alchemist)           Turns: 243537, Time: 13:00:26

Health: 199/199    AC: 80    Str: 14    XL:     27
Magic:  54/54      EV:  8    Int: 44    God:    Gozag
Gold:   22318      SH:  0    Dex: 14    Spells: 2/80 levels left

rFire   + . .        F - +3 Elemental Staff {ele, rElec rF+ rC+ AC+3}
rCold   + . .        b - orb of Yjola {*channel, Int+5}
rNeg    + + +        z - +8 orange crystal plate armour {Archmagi, Int+3 Clar}
rPois   ∞            D - +3 crown of Dyrovepreva {rElec Int+2 SInv}
rElec   +            N - +4 dragonskin cloak
rCorr   .            Y - +1 pair of gloves "Nyop" {Int+2}
SInv    +            G - +3 pair of seven-league boots {Rampage+∞}
Will    +++++        t - amulet of the Four Winds {rN+ Will+++ Clar} Stlth
                     u - ring of the Mage {Wiz Archmagi}
HPRegen 0.53/turn    Z - ring of Jyq Rasy {rN+ Int+6}
MPRegen 0.34/turn

%: clarity, rampage+∞, wizardry (x1), archmagi, channel magic (20%)
@: flying, studying 6 skills
A: sickness immunity, AC +20, big wings, negative energy resistance 1,
electricity resistance, torment resistance 1, petrification resistance, see
invisible, agile 1, wild magic 1, inability to drink after injury 1
0: Orb of Zot
}: 15/15 runes: decaying, slimy, silver, golden, iron, obsidian, icy, bone,
abyssal, demonic, glowing, magical, fiery, dark, gossamer
a: Renounce Religion, Potion Petition, Call Merchant, Bribe Branch


You escaped.
You worshipped Gozag.
Gozag was extremely pleased with you.
You visited 18 branches of the dungeon, and saw 88 of its levels.
You visited Pandemonium 1 time, and saw 20 of its levels.
You visited the Abyss 5 times.
You completed 1 ziggurat, and saw 27 of its levels.
You also visited: Sewer and Ice Cave.

You collected 74022 gold pieces.
You spent 19096 gold pieces at shops.
You paid 32608 gold pieces to Gozag.

Inventory:

Hand Weapons
 F - the +3 Elemental Staff (weapon) {ele, rElec rF+ rC+ AC+3}
   (You found it on level 26 of a ziggurat)

   AC+3:      It affects your AC (+3).
   rF+:       It protects you from fire.
   rC+:       It protects you from cold.
   rElec:     It insulates you from electricity.
 R - the +3 greatsling "Punk" {acid, rCorr}
   (You found it on level 20 of a ziggurat)

   rCorr:     It protects you from acid and corrosion.
 T - the +13 sceptre of Asmodeus
   (You took it off Asmodeus on level 7 of Gehenna)

   Fire Summon: It may summon demons of flame and damnation when striking foes.
Missiles
 e - 19 silver javelins
Armour
 b - the orb of Yjola (worn) {*channel, Int+5}
   (You found it on level 3 of the Depths)

   Int+5:     It affects your intelligence (+5).
 k - the +3 pair of gauntlets of War {Slay+5}
   (You found it on level 27 of a ziggurat)

   Slay+5:    It affects your accuracy & damage with ranged weapons and melee
   (+5).
 z - the +8 orange crystal plate armour (worn) {Archmagi, Int+3 Clar}
   (You bought it in a shop on level 13 of the Dungeon)

   Int+3:     It affects your intelligence (+3).
   Clar:      It protects you from confusion, rage, mesmerisation and fear.
 D - the +3 crown of Dyrovepreva (worn) {rElec Int+2 SInv}
   (You found it on level 25 of a ziggurat)

   Int+2:     It affects your intelligence (+2).
   rElec:     It insulates you from electricity.
   SInv:      It lets you see invisible.
 G - the +3 pair of seven-league boots (worn) {Rampage+∞}
   (You bought it in a shop on level 13 of the Dungeon)

   Rampage+∞: When moving toward enemies, its wearer moves as far as possible,
   alerting their target en route.
 N - the +4 dragonskin cloak (worn)
   (You took it off Tiamat on level 2 of the Realm of Zot)

   Avatar's Aegis: It grants the wearer a chance to resist fire, cold, poison,
   electricity, acid, and negative energy.
 Y - the +1 pair of gloves "Nyop" (worn) {Int+2}
   (You acquired it on level 5 of the Vaults)

   Int+2:     It affects your intelligence (+2).
Jewellery
 g - the ring "Xeuffimu" {rPois Slay+5}
   (You bought it in a shop on level 15 of the Dungeon)

   [ring of poison resistance]

   Slay+5:    It affects your accuracy & damage with ranged weapons and melee
   (+5).
   rPois:     It protects you from poison
 m - the ring "Xeses" {Ice Int+5}
   (You bought it in a shop on level 3 of the Depths)

   [ring of ice]

   Ice:       It enhances your ice magic.
   Int+5:     It affects your intelligence (+5).
   rF-:       It makes you vulnerable to fire.
   rC+:       It protects you from cold.
 p - the amulet of Womiamas {RegenMP rN+ rCorr}
   (You found it on level 6 of a ziggurat)

   [amulet of magic regeneration]

   RegenMP:   It increases your rate of magic regeneration.
   rN+:       It protects you from negative energy.
   rCorr:     It protects you from acid and corrosion.
 r - the ring of Efaivenn {Str+6 Dex+3}
   (You found it on level 27 of a ziggurat)

   [ring of strength]

   Str+6:     It affects your strength (+6).
   Dex+3:     It affects your dexterity (+3).
 t - the amulet of the Four Winds (around neck) {rN+ Will+++ Clar}
   (You found it on level 5 of the Pits of Slime)

   [amulet of nothing]

   rN+:       It protects you from negative energy.
   Will+++:   It greatly increases your willpower.
   Clar:      It protects you from confusion, rage, mesmerisation and fear.
 u - the ring of the Mage (left hand) {Wiz Archmagi}
   (You bought it in a shop on level 15 of the Dungeon)

   [ring of wizardry]

   Wiz:       It improves your spell success rate.
   Archmagi:  It increases the power of your magical spells.
 A - the ring "Toucucs" {*Corrode rPois Str+6 Dex+5 Slay+3}
   (You found it on level 9 of a ziggurat)

   [ring of strength]

   Str+6:     It affects your strength (+6).
   Dex+5:     It affects your dexterity (+5).
   Slay+3:    It affects your accuracy & damage with ranged weapons and melee
   (+3).
   rPois:     It protects you from poison *Corrode: It may corrode you when you
   take damage.
 E - an amulet of reflection
 H - the amulet "Casi" {Acrobat ^Fragile rN+ Dex+2 Slay+3}
   (You found it on level 3 of the Tomb of the Ancients)

   [amulet of the acrobat]

   Acrobat:   It increases your evasion while moving and waiting.
   Dex+2:     It affects your dexterity (+2).
   Slay+3:    It affects your accuracy & damage with ranged weapons and melee
   (+3).
   rN+:       It protects you from negative energy.
   ^Fragile:  It will be destroyed if unequipped.
 L - the amulet of the Solstice {Acrobat Will+ Regen+ rCorr Stlth+}
   (You bought it in a shop on level 13 of the Dungeon)

   [amulet of the acrobat]

   Acrobat:   It increases your evasion while moving and waiting.
   Will+:     It increases your willpower.
   Regen+:    It increases your rate of health regeneration.
   rCorr:     It protects you from acid and corrosion.
   Stlth+:    It makes you more stealthy.
 P - the amulet "Pidghin" {Reflect Int+3 SH+5}
   (You took it off an ancient champion on level 7 of the Iron City of Dis)

   [amulet of reflection]

   Reflect:   It reflects blocked missile attacks.
   Int+3:     It affects your intelligence (+3).
   SH+5:      It affects your SH (+5).
 X - the amulet "Catruk" {Acrobat rN+}
   (You found it on level 7 of Tartarus)

   [amulet of the acrobat]

   Acrobat:   It increases your evasion while moving and waiting.
   rN+:       It protects you from negative energy.
 Z - the ring of Jyq Rasy (right hand) {rN+ Int+6}
   (You found it on level 3 of the Crypt)

   [ring of positive energy]

   Int+6:     It affects your intelligence (+6).
   rN+:       It protects you from negative energy.
Wands
 v - a wand of acid (63)
 B - a wand of roots (124)
 C - a wand of digging (70) (quivered)
 W - a wand of paralysis (144)
Scrolls
 a - 10 scrolls of immolation
 c - 27 scrolls of teleportation
 f - 6 scrolls of revelation
 j - 9 scrolls of enchant weapon
 n - 9 scrolls of blinking
 q - 25 scrolls of fog
 w - a scroll of enchant armour
 y - 13 scrolls of amnesia
 I - 9 scrolls of fear
 J - 14 scrolls of poison
 U - 10 scrolls of summoning
Potions
 d - 5 potions of mutation
 h - 7 potions of berserk rage
 i - 11 potions of haste
 l - 4 potions of cancellation
 o - 22 potions of curing
 s - 12 potions of might
 K - 4 potions of invisibility
 M - 13 potions of ambrosia
 O - 4 potions of resistance
 Q - 7 potions of heal wounds
Miscellaneous
 x - 2 +1 figurines of a ziggurat
 S - a lightning rod (4/4)
 V - a phantom mirror


   Skills:
 O Level 27 Fighting
 - Level 5.0(15.5) Maces & Flails
 * Level 22.3(22.5) Staves
 + Level 8.8 Throwing
 O Level 27 Armour
 - Level 11.7 Dodging
 - Level 15.9 Stealth
 O Level 27 Shields
 O Level 27 Spellcasting
 O Level 27 Conjurations
 + Level 15.6 Translocations
 O Level 27 Fire Magic
 O Level 27 Ice Magic
 + Level 6.1 Air Magic
 O Level 27 Earth Magic
 - Level 6.4 Alchemy
 + Level 7.7 Evocations


You had 2 spell levels left.
You knew the following spells:

 Your Spells              Type           Power      Damage    Failure   Level
a - Polar Vortex          Ice            100%       12d13*    12%         9
b - Starburst             Conj/Fire      100%       6d25      1%          6
c - Sticky Flame          Fire/Alch      100%       2d15      1%          4
d - Shatter               Erth           100%       3d71*     12%         9
e - Fire Storm            Conj/Fire      100%       8d25      12%         9
f - Blink                 Tloc           100%       N/A       1%          2
g - Iskenderun's Mystic   Conj/Tloc      100%       2d19      1%          4
h - Passwall              Erth           100%       N/A       1%          3
i - Orb of Destruction    Conj           100%       9d21      1%          7
j - Irradiate             Conj/Alch      92%        3d42      1%          5
k - Ozocubu's Refrigerat  Ice            100%       4d29      1%          7
l - Passage of Golubria   Tloc           100%       N/A       1%          4
m - Bombard               Conj/Erth      100%       9d16      1%          6
n - Swiftness             Air            100%       N/A       4%          3

Your spell library contained the following spells:

 Spells                   Type           Power      Damage    Failure   Level
 Apportation              Tloc           100%       N/A       1%          1
 Foxfire                  Conj/Fire      100%       2x1d9     1%          1
 Freeze                   Ice            100%       1d10      1%          1
 Kiss of Death            Conj/Necr      100%       2d13      1%          1
 Magic Dart               Conj           100%       1d8       1%          1
 Sandblast                Erth           100%       2d20      1%          1
 Shock                    Conj/Air       100%       1d9       1%          1
 Sting                    Conj/Alch      100%       1d9       1%          1
 Ensorcelled Hibernation  Hex/Ice        100%       N/A       1%          2
 Lesser Beckoning         Tloc           100%       N/A       1%          2
 Momentum Strike          Conj/Tloc      100%       3d10      1%          2
 Scorch                   Fire           100%       2d9       1%          2
 Searing Ray              Conj           100%       2d8       1%          2
 Static Discharge         Conj/Air       100%       3-8/arc   1%          2
 Mercury Vapours          Alch/Air       100%       N/A       2%          2
 Necrotise                Necr           100%       1d9       10%         1
 Slow                     Hex            100%       N/A       10%         1
 Summon Small Mammal      Summ           100%       N/A       10%         1
 Call Imp                 Summ           100%       N/A       12%         2
 Jinxbite                 Hex            100%       N/A       12%         2
 Dazzling Flash           Conj/Hex       100%       N/A       1%          3
 Frozen Ramparts          Ice            100%       1d16      1%          3
 Gell's Gravitas          Tloc           100%       N/A       1%          3
 Hailstorm                Conj/Ice       100%       3d16      1%          3
 Inner Flame              Hex/Fire       100%       N/A       1%          3
 Mephitic Cloud           Conj/Alch/Air  100%       N/A       1%          3
 Ozocubu's Armour         Ice            100%       N/A       1%          3
 Stone Arrow              Conj/Erth      100%       3d13      1%          3
 Summon Ice Beast         Ice/Summ       100%       N/A       1%          3
 Teleport Other           Tloc           100%       N/A       1%          3
 Volatile Blastmotes      Fire/Tloc      100%       2d18      1%          3
 Animate Armour           Summ/Erth      100%       N/A       1%          4
 Brom's Barrelling Bould  Conj/Erth      100%       2d11      1%          4
 Flame Wave               Conj/Fire      100%       2d21      1%          4
 Fulminant Prism          Conj/Alch      92%        3d36      1%          4
 Ignite Poison            Fire/Alch      100%       N/A       1%          4
 Leda's Liquefaction      Alch/Erth      100%       N/A       1%          4
 Petrify                  Alch/Erth      100%       N/A       1%          4
 Summon Blazeheart Golem  Fire/Summ      100%       N/A       1%          4
 Arcjolt                  Conj/Air       100%       1d110     1%          5
 Fireball                 Conj/Fire      100%       3d36      1%          5
 Freezing Cloud           Conj/Ice/Air   100%       6-21      1%          5
 Iskenderun's Battlesphe  Conj           100%       2d15      1%          5
 Lee's Rapid Deconstruct  Erth           100%       3d44*     1%          5
 Vhi's Electric Charge    Tloc/Air       100%       N/A       2%          4
 Borgnjor's Vile Clutch   Necr/Erth      100%       N/A       2%          5
 Metabolic Englaciation   Hex/Ice        100%       N/A       2%          5
 Ignition                 Fire           100%       3d25      2%          8
 Lehudib's Crystal Spear  Conj/Erth      100%       10d22     2%          8
 Conjure Ball Lightning   Conj/Air       100%       3x3d38    3%          6
 Plasma Beam              Fire/Air       100%       2x1d120   3%          6
 Sculpt Simulacrum        Ice/Alch       100%       N/A       3%          6
 Dispersal                Tloc           91%        N/A       4%          6
 Dimensional Bullseye     Hex/Tloc       77%        N/A       5%          4
 Olgreb's Toxic Radiance  Alch           100%       N/A       8%          4
 Airstrike                Air            86%        2d(13-29) 9%          4
 Summon Forest            Summ/Tloc      77%        N/A       11%         5
 Alistair's Intoxication  Alch           98%        N/A       16%         5
 Summon Lightning Spire   Summ/Air       100%       N/A       19%         4
 Call Canine Familiar     Summ           100%       N/A       21%         3
 Confusing Touch          Hex            100%       N/A       21%         3
 Fugue of the Fallen      Necr           100%       N/A       21%         3
 Sigil of Binding         Hex            100%       N/A       21%         3
 Tukima's Dance           Hex            100%       N/A       21%         3
 Vampiric Draining        Necr           100%       2d13      21%         3
 Silence                  Hex/Air        77%        N/A       38%         5
 Yara's Violent Unravell  Hex/Alch       65%        3d24      38%         5
 Anguish                  Hex/Necr       54%        N/A       45%         4
 Cause Fear               Hex            54%        N/A       45%         4
 Dispel Undead            Necr           100%       3d31      45%         4
 Martyr's Knell           Necr/Summ      100%       N/A       45%         4
 Eringya's Noxious Bog    Alch           73%        4d6       47%         6
 Disjunction              Tloc           91%        N/A       47%         8
 Curse of Agony           Necr           100%       N/A       73%         5
 Summon Mana Viper        Hex/Summ       100%       N/A       73%         5
 Chain Lightning          Conj/Air       100%       3d133     98%         9
 Death Channel            Necr           54%        N/A       99%         6
 Summon Cactus Giant      Summ           54%        N/A       99%         6
 Enfeeble                 Hex            54%        N/A       100%        7
 Haunt                    Necr/Summ      54%        N/A       100%        7
 Monstrous Menagerie      Summ           54%        N/A       100%        7
 Summon Hydra             Summ           54%        N/A       100%        7
 Borgnjor's Revivificati  Necr           54%        N/A       100%        8
 Discord                  Hex            54%        N/A       100%        8
 Infestation              Necr           54%        N/A       100%        8
 Maxwell's Capacitive Co  Air            86%        ∞         100%        8
 Death's Door             Necr           54%        N/A       100%        9
 Dragon's Call            Summ           54%        N/A       100%        9
 Cigotuvi's Dreadful Rot  Necr/Alch/Air  Unusable   N/A       N/A         2
 Sublimation of Blood     Necr           Unusable   N/A       N/A         2
 Animate Dead             Necr           Unusable   N/A       N/A         4

Dungeon Overview and Level Annotations

Branches:
Dungeon (15/15)            Temple (1/1) D:5            Lair (5/5) D:10
  Swamp (4/4) Lair:2       Spider (4/4) Lair:3        Slime (5/5) Lair:4
    Orc (2/2) D:11            Elf (3/3) Orc:2        Vaults (5/5) D:13
  Crypt (3/3) Vaults:3       Tomb (3/3) Crypt:3      Depths (4/4) D:15
   Hell (visited)             Dis (7/7) Hell            Geh (7/7) Hell
    Coc (7/7) Hell            Tar (7/7) Hell            Zot (5/5) Depths:4
  Sewer (visited)           IceCv (visited)

Altars:
Ashenzari
Cheibriados
Dithmenos
Elyvilon
Fedhas
Gozag
Hepliaklqana
Kikubaaqudgha
Makhleb
Nemelex Xobeh
Okawaru
Qazlal
Ru
Sif Muna
Trog
Uskayaw
Vehumet
Wu Jian
Xom
Yredelemnul
Zin
The Shining One
Jiyva

Shops:
D:5 :   D:9 [   D:13 [=   D:15 =   Orc:2 *(?(:   Elf:1 ?   Lair:4 :
Vaults:1 *   Vaults:3 =   Zot:2 *   Depths:1 (**   Depths:3 :==

Portals:
Hell: Depths:1 Depths:2 Depths:3 Depths:4
Abyss: Depths:3
Pandemonium: Depths:2
Trove: Depths:3 (give +3 gold dragon scales)


Innate Abilities, Weirdness & Mutations

You are immune to sickness and miasma.
Your stone body is resilient. (AC +20)
You are immune to poison.
Your large and strong wings let you fly.
You resist negative energy. (rN+)
You are resistant to electric shocks. (rElec)
You are resistant to unholy torment.
You are immune to petrification.
You have supernaturally acute eyesight. (SInv)
You are agile. (Dex +4, Str/Int -1)
Your spells are a little harder to cast, but a little more powerful.
You occasionally lose the ability to drink potions when taking damage.


Message History

You fly upwards.
There is a stone staircase leading down here.
There is a stone staircase leading up here.
You fly upwards.
There is a stone staircase leading down here.
There is a stone staircase leading up here.
You fly upwards.
There is a stone staircase leading down here.
Aiming: Dig
Press: ? - help, Q - select action, (/) - cycle Shift-Dir - straight line A rock wall.
This square is covered in magical glow.
The rock shatters into small pieces.
Unknown command.
A rust devil comes into view.
There is a stone staircase leading up here.
You fly upwards.
There is a stone staircase leading down here.
Aiming: Dig
Press: ? - help, Q - select action, (/) - cycle Shift-Dir - straight line A rock wall.
This square is covered in magical glow.
The rock shatters into small pieces.
Aiming: Dig
Press: ? - help, Q - select action, (/) - cycle Shift-Dir - straight line A rock wall.
This square is covered in magical glow.
The rock shatters into small pieces.
There is an open door here.
There is a stone staircase leading up here.
You fly upwards.
There is a stone staircase leading down here.
You see here a +0 dagger.
Aiming: Dig
Press: ? - help, Q - select action, (/) - cycle Shift-Dir - straight line This square is covered in magical glow.
The rock shatters into small pieces.
There is a staircase leading out of the dungeon here.
You can't go down here!
You have escaped!

.###############...##
#.........# .# #....#
#.......### .#
#....####......### .#
#.......###.###... .#
#....##.# #.###... .#
#....##.# #....... .#
#.#####.# #####... .#
#############.# #.#
#.#.... ##
#..≈~P....P.~@# #.#
#....##
####.~~P.........##
#.# #...#..
...#..~~..PP.~.P#.##
#.# #####.#
##.#............#..#
#.# #.#
.#.#.~~~....P..P~~.#
#.# #####.#
.#.##....P....~.~~##
#.# #.....#
##.#...PP.....PP.~≈#
#.####.#####
...#.P...~.....P.~.#
#......###
#####..~~~.PP.P...##
#.####...#


There were no monsters in sight!

Vanquished Creatures
  Cerebov (Pan)
  Antaeus (Coc:7)
  the Royal Jelly (Slime:5)
  Ereshkigal (Tar:7)
  Asmodeus (Geh:7)
  Mnoleg (Pan)
  Ignacio (Pan)
  Lom Lobon (Pan)
  Gloorx Vloq (Pan)
  the Serpent of Hell (Coc:7)
  13 dread liches
  7 ancient liches
  Tiamat (Zot:2)
  Khufu (Tomb:2)
  2 orbs of fire (Zot:5)
  Dispater (Dis:7)
  Josephina (Depths:2)
  3 juggernauts (Dis:7)
  38 royal mummies
  14 shard shrikes
  Margery (Depths:4)
  4 curse toes
  23 Killer Klowns
  19 golden dragons
  Geryon (Hell)
  30 caustic shrikes
  18 profane servitors
  the Enchantress (Depths:1)
  25 bone dragons
  19 pandemonium lords
  19 Tzitzimimeh
  A pearl dragon (Zig:24)
  5 doom hounds
  14 hellephants
  21 Brimstone Fiends
  2 electric golems (Zot:5)
  Rupert (D:14)
  Zenata (Vaults:1)
  A walking earthen tome (Zig:24)
  4 iron giants
  16 Ice Fiends
  33 tentacled monstrosities
  17 Hell Sentinels
  25 tainted leviathans
  16 deep elf blademasters
  13 liches
  2 shard shrike skeletons
  Mlioglotl (Spider:3)
  Asterion (Spider:3)
  17 titans
  26 Orb Guardians
  14 deep elf master archers
  16 sphinxes
  2 walking divine tomes
  16 quicksilver dragons
  6 death cobs
  40 Executioners
  22 searing wretches
  50 ancient champions
  An eldritch tentacle (Zig:13)
  49 acid blobs
  Gastronok (D:11)
  25 tentacled starspawn
  7 tengu reavers
  21 storm dragons
  An azure jelly (shapeshifter) (Zig:8)
  2 daevas
  10 fenstrider witches
  6 draconian knights
  37 azure jellies
  13 protean progenitors
  15 shadow dragons
  25 fire giants
  10 demonspawn warmongers (Pan)
  4 revenants
  16 vault wardens
  24 rockslimes
  32 narguns
  19 nagarajas
  16 draconian monks
  13 emperor scorpions
  A fenstrider witch (shapeshifter) (Zig:8)
  7 deep elf elementalists
  17 frost giants
  13 quicksilver elementals
  7 shard shrike simulacra
  A juggernaut zombie (Zig:17)
  4 deep elf sorcerers
  15 iron dragons
  8 spectral caustic shrikes
  10 draconian shifters
  19 draconian scorchers
  30 ghost moths
  48 balrugs
  8 orc warlords
  6 spriggan defenders
  13 demonspawn corrupters
  55 cacodemons
  8 curse skulls
  34 reapers
  2 spectral juggernauts
  10 draconian annihilators
  9 formless jellyfish
  23 very ugly things
  12 ironbound preservers
  An angel (Pan)
  9 ghouls
  2 juggernaut skeletons
  2 ironbound thunderhulks
  8 draconian stormcallers
  11 caustic shrike skeletons
  The ghost of angrytalen3 the Severer, a journeyman MiGl of Hepliaklqana (Orc:2)
  24 stone giants
  21 demonspawn blood saints
  5 broodmothers
  20 quicksilver oozes
  An ophan (Zig:23)
  14 deep elf demonologists
  20 deep elf annihilators
  15 vampire knights
  A rockslime zombie (Crypt:2)
  19 black draconians
  5 bunyips
  4 deep elf death magi
  27 lorocyprocas
  32 elemental wellsprings
  20 purple draconians
  13 demonspawn black suns
  35 putrid mouths
  13 spark wasps
  45 war gargoyles
  12 yellow draconians
  16 bennus
  23 white draconians
  22 red draconians
  19 green draconians
  9 dire elephants
  28 wendigos
  13 ettins
  25 blizzard demons
  13 eidola
  13 iron golems
  5 crystal guardians
  13 green deaths
  A quicksilver dragon zombie (Zig:17)
  27 mummy priests
  4 entropy weavers
  2 shambling mangroves (Swamp:4)
  3 spectral iron giants
  2 merfolk javelineers
  22 fire dragons
  A great orb of eyes (shapeshifter) (Zig:13)
  10 jiangshi
  15 yaktaur captains
  17 deep elf high priests
  8 spectral spriggans
  5 hell beasts
  11 rakshasas
  17 ice dragons
  Fannar (D:12)
  A servant of whispers (Zig:27)
  4 peacekeepers
  27 vault guards
  6 caustic shrike simulacra
  Erolcha (D:12)
  A spriggan zombie (Tomb:3)
  2 catoblepae
  9 spriggan air magi
  31 salamander tyrants
  19 juggernaut simulacra
  14 great orbs of eyes
  10 stokers
  14 hydras
  4 ironbound frosthearts
  3 jorogumos
  13 ghost crabs
  2 anacondas (shapeshifter)
  7 ogre magi
  5 spriggan skeletons
  A two-headed ogre (shapeshifter) (Zig:12)
  20 centaur warriors
  Erica (D:9)
  Harold (D:11)
  3 anacondas
  6 alligators
  54 dancing weapons
  8 merfolk aquamancers
  4 radroaches
  15 two-headed ogres
  36 death scarabs
  4 satyrs
  A fenstrider witch skeleton (Crypt:1)
  10 tengu warriors
  A spectral stone giant (Tar:1)
  2 death knights (Crypt:3)
  11 boulder beetles
  5 naga warriors
  15 death yaks
  2 orc high priests
  An Orb Guardian skeleton (Crypt:3)
  6 deep troll shamans
  7 spriggan berserkers
  3 shock serpents
  8 vampire magi
  12 deep troll earth magi
  23 demonic crawlers
  55 hell hogs
  5 naga sharpshooters
  3 occultists
  22 thrashing horrors
  A titan zombie (Crypt:2)
  An emperor scorpion zombie (Crypt:3)
  18 crystal echidnas
  21 deep elf knights
  4 hellephant skeletons (Pan)
  54 soul eaters
  A shock serpent (shapeshifter) (Depths:2)
  42 skeletal warriors
  12 hell knights
  50 sun demons
  3 titan skeletons (Crypt:3)
  6 iron trolls
  25 wretched stars
  4 skysharks
  31 shadow wraiths
  A salamander mystic (Depths:1)
  A fire crab (Lair:5)
  10 pharaoh ants
  4 death drakes
  61 sixfirhies
  6 spatial maelstroms
  7 quicksilver dragon simulacra
  2 spectral anacondas
  An anaconda zombie (Tomb:1)
  A bunyip zombie (Tomb:1)
  A cherub (D:15)
  A golden dragon zombie (Crypt:2)
  8 flayed ghosts
  4 goliath frogs
  48 deep trolls
  16 orb spiders
  A naga ritualist (Zig:18)
  A snapping turtle (shapeshifter) (Depths:1)
  An orb spider (shapeshifter) (Depths:2)
  A spectral iron dragon (Tar:4)
  14 steelbarb worms
  2 sea snakes (Zig:18)
  8 glowing orange brains
  9 spriggan simulacra
  10 swamp dragons
  7 arcanists
  11 spriggan druids
  3 mana vipers
  6 sun moths (Pan)
  8 harpies
  12 deep elf archers
  20 ironbound convokers
  33 shadow demons
  5 bog bodies
  An iron giant skeleton (Tomb:3)
  5 lindwurms
  20 phantasmal warriors
  An anaconda skeleton (Crypt:3)
  Pikel (D:9)
  A bunyip skeleton (Crypt:2)
  32 deep elf zephyrmancers
  5 obsidian statues
  A spectral hydra (Tar:1)
  24 wolf spiders
  A harpy (shapeshifter) (Vaults:5)
  5 necromancers
  14 orc knights
  44 deep elf pyromancers
  An iron dragon zombie (Zig:17)
  7 orange crystal statues
  3 shadow dragon skeletons
  A shining eye (shapeshifter) (Zig:15)
  3 manticores (shapeshifter)
  42 starcursed masses
  30 ugly things
  6 salamanders
  A death drake (shapeshifter) (Depths:1)
  4 will-o-the-wisps
  69 large abominations
  23 shining eyes
  A sphinx simulacrum (Depths:2)
  A faun (shapeshifter) (Vaults:5)
  7 cyclopes
  6 manticores
  Maurice (Orc:1)
  8 orc sorcerers
  A tengu skeleton (Zig:17)
  25 black mambas
  2 merfolk sirens (Zig:18)
  A spectral centaur (Tar:1)
  8 guardian serpents
  2 meliai (shapeshifter) (D:15)
  A dire elephant zombie (Crypt:1)
  2 worldbinders
  A centaur zombie (Tomb:1)
  A water nymph (shapeshifter) (Vaults:5)
  8 ice statues
  10 rust devils
  3 meliai (Spider:4)
  34 moths of wrath
  2 black mambas (shapeshifter)
  4 kobold blastminers
  8 naga magi
  2 torpor snails (shapeshifter)
  17 molten gargoyles
  15 apocalypse crabs
  15 vault sentinels
  A centaur skeleton (Crypt:3)
  An elephant (Abyss:4)
  8 water nymphs
  2 dire elephant skeletons (Crypt:3)
  7 titan simulacra
  17 eyes of devastation
  104 smoke demons
  3 gargoyles
  A storm dragon simulacrum (Coc:1)
  A minotaur zombie (Crypt:1)
  An alligator snapping turtle zombie (Crypt:2)
  18 cane toads
  5 naga skeletons
  21 hellions
  A black draconian zombie (Crypt:3)
  6 unseen horrors
  70 orange demons
  10 torpor snails
  Jeremiah (D:9)
  8 rime drakes
  A komodo dragon (shapeshifter) (Zig:12)
  7 efreet
  4 anaconda simulacra
  26 tormentors
  8 tengu conjurers
  19 freezing wraiths
  An alligator snapping turtle skeleton (Crypt:2)
  57 guardian mummies
  27 ancient zymes
  3 silent spectres
  5 bunyip simulacra
  3 iron giant simulacra
  4 ice devils (Pan)
  3 spectral nagas
  15 komodo dragons
  42 yaktaurs
  A death yak skeleton (Crypt:1)
  4 red devils (Pan)
  2 merfolk
  2 spectral harpies (Tar:3)
  A merfolk (shapeshifter) (Zig:15)
  A golden dragon simulacrum (Coc:6)
  A hornet (shapeshifter) (Zig:27)
  11 tyrant leeches
  A tyrant leech (shapeshifter) (Zig:15)
  7 wind drakes
  2 queen bees (shapeshifter)
  12 trolls
  2 bloated husks
  14 hornets
  26 hellwings
  30 tarantellas
  A moth of wrath zombie (Crypt:2)
  The ghost of Gadfly the Insei, an amateur MfSh (D:4)
  A hydra skeleton (Crypt:3)
  4 polar bears
  16 raiju
  2 harpy skeletons (Crypt:3)
  9 blink frogs
  2 glass eyes (shapeshifter)
  The ghost of misterblockey the Ducker, an amateur DjCj (D:4)
  6 dream sheep (Lair:4)
  A fire giant simulacrum (Depths:2)
  3 iron dragon simulacra
  A stone giant simulacrum (Coc:4)
  12 glass eyes
  An ice dragon skeleton (Crypt:3)
  119 slime creatures
  4 air elementals
  23 jumping spiders
  3 snapping turtles
  5 vampires
  15 spriggans
  A shadow (D:11)
  20 culicivoras
  2 centaur simulacra (Coc:2)
  A satyr skeleton (Crypt:1)
  2 spriggans (shapeshifter)
  13 wraiths
  47 yaks
  23 ushabtiu
  21 wyverns
  11 dire elephant simulacra
  15 water elementals
  35 ynoxinuls
  4 fire elementals
  12 golden eyes
  An ettin skeleton (Tomb:3)
  6 naga simulacra
  9 wargs
  10 basilisks
  Grum (D:9)
  12 vampire mosquitoes
  71 neqoxecs
  61 redbacks
  2 alligator snapping turtle simulacra
  A death yak simulacrum (IceCv)
  A redback (shapeshifter) (Zig:8)
  4 steam dragons
  6 nagas
  14 swamp worms
  7 spatial vortices
  A water nymph zombie (Crypt:3)
  53 chaos spawn
  A faun zombie (Crypt:3)
  25 harpy simulacra
  2 hydra simulacra
  6 small abominations (Abyss:4)
  2 glowing shapeshifter zombies (Zig:17)
  4 acid dragons
  19 water moccasins
  A merfolk skeleton (Crypt:2)
  A demonspawn skeleton (Crypt:2)
  A deep troll skeleton (Tomb:3)
  12 hell hounds
  4 swamp drakes
  3 ice beasts
  3 sky beasts
  3 ettin simulacra
  A black bear (D:4)
  31 laughing skulls
  32 ogres
  42 orc warriors
  13 wolves
  An ogre (shapeshifter) (Elf:1)
  A blink frog skeleton (Crypt:3)
  16 centaurs
  3 lemures
  A phantom (D:6)
  7 kobold brigands
  A weeping skull (Abyss:4)
  3 necrophages
  2 brain worms (Abyss:4)
  A gnoll sergeant (D:11)
  14 bullfrogs
  A cyclops zombie (Crypt:1)
  4 earth elementals
  3 scorpions
  A cane toad simulacrum (IceCv)
  29 wights
  9 killer bees
  7 howler monkeys
  A shapeshifter skeleton (Crypt:1)
  5 lava snakes (Lair:5)
  7 jellies
  2 quasits
  A hound (D:4)
  25 orc priests
  A sleepcap (D:5)
  5 iguanas
  An iron imp (Abyss:4)
  Ijyb (D:5)
  28 orc wizards
  20 hell rats
  A wolf simulacrum (IceCv)
  A tengu zombie (Crypt:3)
  An ogre zombie (Crypt:3)
  An ogre skeleton (Crypt:1)
  57 mummies
  Robin (D:2)
  13 gnolls
  15 adders
  12 river rats
  6 shadow imps
  4 white imps
  3 ufetubi
  2 dart slugs
  7 ribbon worms
  80 orcs
  6 ball pythons
  14 endoplasms
  4 giant cockroaches
  13 goblins
  4 hobgoblins
  2 quokkas
  15 bats
  7 frilled lizards
  A frilled lizard skeleton (Crypt:1)
  A giant cockroach zombie (Crypt:2)
  A jackal zombie (Crypt:2)
  19 kobolds
  A kobold skeleton (Crypt:1)
  A quokka zombie (Crypt:1)
  11 rats
  19 aspiring fleshes
  2 butterflies (Lair:3)
  9 creeping infernos
  340 fire vortices
  A lurking horror (Abyss:3)
  12 starspawn tentacles
6131 creatures vanquished.

Vanquished Creatures (collateral kills)
  A Killer Klown (Zig:6)
  A Tzitzimitl (Pan)
  A titan (Depths:3)
  A sphinx (Vaults:4)
  A deep elf master archer (Elf:1)
  An ancient champion (Crypt:2)
  A shadow dragon (Vaults:5)
  A draconian monk (Depths:4)
  A vault warden (Vaults:5)
  A draconian knight (Zot:1)
  A frost giant (Vaults:4)
  A ghoul (Crypt:1)
  A cacodemon (Pan)
  An ironbound preserver (Vaults:4)
  A very ugly thing (Abyss:4)
  A green draconian (Zot:2)
  2 white draconians
  A mummy priest (Tomb:3)
  A jiangshi (Crypt:1)
  A yaktaur captain (Vaults:5)
  An ironbound frostheart (Vaults:3)
  A wretched star (Zig:14)
  2 phantasmal warriors
  A deep elf archer (Elf:1)
  A slime creature (Zig:26)
  A smoke demon (Zig:23)
  2 yaktaurs (Vaults:4)
  A harpy zombie (Tomb:3)
  A spriggan (Swamp:4)
  A ynoxinul (Pan)
  A wight (Crypt:3)
  A mummy (Tomb:2)
35 creatures vanquished.

Vanquished Creatures (others)
  A lich (Depths:1)
  An eldritch tentacle (Pan)
  A fire giant (Vaults:5)
  A fenstrider witch (Pan)
  A nagaraja (Pan)
  A ghost moth (Zig:18)
  A white draconian (Zot:4)
  A merfolk aquamancer (Pan)
  2 caustic shrike simulacra
  A radroach (Zig:15)
  A spriggan druid (Swamp:4)
  A spriggan simulacrum (Coc:2)
  An arcanist (Vaults:2)
  An orange demon (Pan)
  An anaconda simulacrum (Abyss:4)
  A bloated husk (Swamp:1)
  A ynoxinul (Pan)
  A naga simulacrum (Coc:3)
  2 chaos spawn (Zig:15)
  A swamp worm (Swamp:4)
  A harpy simulacrum (Coc:2)
  An orc warrior (Vaults:5)
  An ufetubus (Abyss:4)
  2 kobolds (D:8)
  301 fire vortices
  18 foxfires
  18 starspawn tentacles
364 creatures vanquished.

Grand Total: 6530 creatures vanquished

Notes
Turn   | Place    | Note
-------+----------+-------------------------------------------
     0 | D:1      | vimes the Gargoyle Alchemist began the quest for the Orb.
     0 | D:1      | Reached XP level 1. HP: 10/10 MP: 3/3
   274 | D:2      | Reached XP level 2. HP: 15/15 MP: 1/5
   540 | D:2      | Found a glowing golden altar of the Shining One.
   649 | D:3      | Reached XP level 3. HP: 10/20 MP: 6/6
   653 | D:3      | Learned a level 3 spell: Mephitic Cloud
  1301 | D:3      | Reached skill level 1 in Fighting
  1321 | D:4      | Found a glowing drain.
  1329 | D:4      | Reached XP level 4. HP: 25/25 MP: 4/7
  1363 | Sewer    | Entered a sewer
  2027 | Sewer    | Noticed a kobold brigand
  2045 | Sewer    | Killed a kobold brigand
  2046 | Sewer    | Reached skill level 1 in Translocations
  2046 | Sewer    | Reached skill level 1 in Fire Magic
  2046 | Sewer    | Reached XP level 5. HP: 21/29 MP: 0/8
  2123 | Sewer    | Noticed a kobold brigand
  2139 | Sewer    | Killed a kobold brigand
  2140 | Sewer    | Reached XP level 6. HP: 34/35 MP: 0/10
  2322 | Sewer    | Learned a level 4 spell: Sticky Flame
  2898 | Sewer    | Reached XP level 7. HP: 34/40 MP: 5/11
  2903 | Sewer    | Learned a level 4 spell: Olgreb's Toxic Radiance
  3085 | D:4      | Identified a scroll of acquirement
  3302 | D:4      | Found a runed translucent gate.
  3302 | D:4      | Found a runed translucent gate.
  3302 | D:4      | Found a runed translucent gate.
  3306 | D:4      | Noticed misterblockey's ghost (amateur DjCj)
  3306 | D:4      | Noticed Gadfly's ghost (amateur MfSh)
  4754 | D:5      | Entered Level 5 of the Dungeon
  4804 | D:5      | Identified the +1 mace of Rautz {pain, rN+ Will+ Int+3}
  4865 | D:5      | Reached XP level 8. HP: 41/46 MP: 2/13
  5100 | D:5      | Reached skill level 5 in Conjurations
  5584 | D:5      | Found a staircase to the Ecumenical Temple.
  5593 | Temple   | Entered the Ecumenical Temple
  5605 | Temple   | Became a worshipper of Gozag Ym Sagoz the Greedy
  5834 | D:2      | Noticed Robin
  5845 | D:2      | Killed Robin
  7731 | D:5      | Acquired 911 gold pieces
  7737 | D:5      | Learned a level 2 spell: Blink
  7872 | D:5      | Noticed Ijyb
  7883 | D:5      | Killed Ijyb
  8063 | D:5      | Reached skill level 1 in Earth Magic
  8565 | D:6      | Reached XP level 9. HP: 29/52 MP: 2/15
  9036 | D:6      | Identified the +0 quarterstaff of Zaduleha {flame, rElec
                  | rPois rC++ Stlth-}
  9125 | D:6      | Reached skill level 5 in Fire Magic
  9283 | D:6      | Found a radiant altar of Vehumet.
  9283 | D:6      | Found a broken altar of Ashenzari.
  9285 | D:6      | Found a blossoming altar of Fedhas.
  9286 | D:6      | Found a bloodstained altar of Trog.
 10328 | D:7      | Noticed a troll
 10338 | D:7      | Killed a troll
 10456 | D:7      | Reached skill level 5 in Fighting
 11075 | D:7      | Identified the +1 trident "Seoshuwn" {flame, Will+ Int+3}
 11568 | D:7      | Learned a level 3 spell: Stone Arrow
 11620 | D:8      | Reached XP level 10. HP: 56/59 MP: 17/17
 11665 | D:8      | Reached skill level 5 in Spellcasting
 12041 | D:8      | Found a glowing golden altar of the Shining One.
 12369 | D:8      | Reached skill level 5 in Earth Magic
 12707 | D:8      | Found a basalt altar of Yredelemnul.
 12718 | D:8      | Noticed a profane servitor
 12951 | D:8      | Noticed an angel
 13849 | D:9      | Noticed Pikel
 14019 | D:9      | Killed Pikel
 14228 | D:9      | Killed an unseen horror
 14480 | D:9      | Noticed Erica
 14492 | D:9      | Killed Erica
 14603 | D:9      | Found Faybiuh's Antique Armour Boutique.
 14612 | D:9      | Bought a faintly humming leather armour for 238 gold pieces
 14612 | D:9      | Identified the +0 leather armour "Cigeq" {Rampage Str+4
                  | Slay+3} (You bought it in a shop on level 9 of the Dungeon)
 14622 | D:9      | Bought an embroidered cloak for 255 gold pieces
 14627 | D:9      | Bought a runed cloak for 255 gold pieces
 14751 | D:9      | Reached XP level 11. HP: 31/64 MP: 3/19
 15036 | D:9      | Found a stormy altar of Qazlal.
 15068 | D:9      | Found a snail-covered altar of Cheibriados.
 15379 | D:9      | Noticed Jeremiah
 15394 | D:9      | Killed Jeremiah
 15714 | D:9      | Noticed Grum
 15720 | D:9      | Reached skill level 1 in Armour
 15720 | D:9      | Reached skill level 5 in Translocations
 15728 | D:9      | Killed Grum
 16009 | D:10     | Entered Level 10 of the Dungeon
 16361 | D:10     | Identified the ring "Lihaciut" {rElec rC- rCorr AC+4 Str-4
                  | Slay+4}
 16558 | D:10     | Noticed a two-headed ogre
 16569 | D:10     | Killed a two-headed ogre
 16693 | D:10     | Noticed a death yak
 16693 | D:10     | Noticed a death yak
 16694 | D:10     | Noticed a death yak
 16695 | D:10     | Found a staircase to the Lair.
 16695 | D:10     | Noticed a death yak
 16695 | D:10     | Noticed a death yak
 16696 | D:10     | Noticed a death yak
 16697 | D:10     | Noticed a death yak
 16706 | D:10     | Killed a death yak
 16706 | D:10     | Killed a death yak
 16708 | D:10     | Killed a death yak
 16708 | D:10     | Killed a death yak
 16731 | D:10     | Killed a death yak
 16732 | D:10     | Reached XP level 12. HP: 26/72 MP: 9/22
 17103 | D:10     | Killed a death yak
 17560 | D:10     | Killed a death yak
 18029 | D:10     | Learned a level 4 spell: Iskenderun's Mystic Blast
 18033 | D:10     | Learned a level 3 spell: Passwall
 18074 | Lair:1   | Entered Level 1 of the Lair of Beasts
 18161 | Lair:1   | Reached skill level 10 in Conjurations
 19294 | Lair:2   | Found a radiant altar of Vehumet.
 20329 | Lair:2   | Found a staircase to the Swamp.
 20850 | Lair:3   | Reached XP level 13. HP: 62/78 MP: 22/25
 21445 | Lair:3   | Found a hole to the Spider Nest.
 21449 | Lair:3   | Reached skill level 10 in Earth Magic
 21455 | Lair:3   | Reached skill level 10 in Fire Magic
 22701 | Lair:4   | Reached skill level 5 in Armour
 23783 | Lair:4   | You fall into a shaft and drop 1 floor!
 23783 | Lair:5   | Entered Level 5 of the Lair of Beasts
 24341 | Lair:4   | Found a staircase to the Slime Pits.
 24348 | Lair:4   | Found a viscous altar of Jiyva.
 25425 | Lair:4   | Gained mutation: Your large and strong wings let you fly.
                  | [Gargoyle growth]
 25425 | Lair:4   | Reached XP level 14. HP: 60/84 MP: 4/27
 25439 | Lair:4   | HP: 6/126 [black mamba (1)]
 25878 | Lair:4   | Identified the +1 ring mail of Manu {Str+3 SInv}
 26800 | D:11     | Noticed Gastronok
 26814 | D:11     | Killed Gastronok
 26844 | D:11     | Found a staircase to the Orcish Mines.
 27911 | D:11     | Noticed Harold
 27926 | D:11     | Killed Harold
 28541 | Orc:1    | Entered Level 1 of the Orcish Mines
 28944 | Orc:1    | Found a bloodstained altar of Trog.
 29169 | Orc:2    | Entered Level 2 of the Orcish Mines
 29173 | Orc:2    | Found Sunipluho's Antique Weapon Boutique.
 29173 | Orc:2    | Found Duntuxzitu's Antique Weapon Emporium.
 29175 | Orc:2    | Found Yrommiec's Magic Scroll Emporium.
 29175 | Orc:2    | Found Semont's Book Shop.
 29198 | Orc:2    | Reached skill level 10 in Spellcasting
 29636 | Orc:2    | Bought a scroll of teleportation for 45 gold pieces
 29636 | Orc:2    | Bought a scroll of teleportation for 45 gold pieces
 29636 | Orc:2    | Bought a scroll of teleportation for 45 gold pieces
 29636 | Orc:2    | Bought a scroll of enchant armour for 112 gold pieces
 29636 | Orc:2    | Bought a scroll of immolation for 60 gold pieces
 29646 | Orc:2    | Bought a dyed leather armour for 140 gold pieces
 29654 | Orc:2    | Bought an ichor-stained morningstar for 225 gold pieces
 29654 | Orc:2    | Identified the +12 morningstar "Dusex" {flame, rF+ rC-
                  | Int+3 Dex+2} (You bought it in a shop on level 2 of the
                  | Orcish Mines)
 29669 | Orc:2    | Learned a level 7 spell: Orb of Destruction
 29749 | Orc:2    | Found a staircase to the Elven Halls.
 29956 | Orc:2    | Found a transporter.
 29969 | Orc:2    | Noticed angrytalen3's ghost (journeyman MiGl)
 30062 | Orc:2    | Found a transporter.
 30746 | Orc:1    | Noticed Maurice
 30754 | Orc:1    | Killed Maurice
 30755 | Orc:1    | Reached XP level 15. HP: 85/91 MP: 10/29
 31106 | D:12     | Found a frozen archway.
 31115 | IceCv    | Entered an ice cave
 31383 | IceCv    | Found a transporter.
 31395 | IceCv    | Found a transporter.
 32687 | D:12     | Noticed Erolcha
 32699 | D:12     | Killed Erolcha
 33247 | D:12     | Noticed Fannar
 33261 | D:12     | Killed Fannar
 35702 | Lair:4   | Bought a book of Transmutation for 476 gold pieces
 35764 | Lair:5   | Reached skill level 10 in Fighting
 36838 | Lair:5   | Found a large runed translucent door.
 36841 | Lair:5   | Found a large runed translucent door.
 40881 | D:13     | Found a gate to the Vaults.
 41654 | D:13     | Learned a level 5 spell: Irradiate
 41882 | D:14     | Noticed Rupert
 41894 | D:14     | Killed Rupert
 41895 | D:14     | Reached XP level 16. HP: 90/98 MP: 19/31
 43900 | D:15     | Entered Level 15 of the Dungeon
 44435 | D:15     | Reached skill level 1 in Shields
 44724 | D:15     | Found a staircase to the Depths.
 45892 | D:15     | Bought the amulet of Harmony {Regen+ SInv} for 700 gold
                  | pieces
 45892 | D:15     | Bought the ring of the Mage {Wiz Archmagi} for 867 gold
                  | pieces
 45892 | D:15     | Found the ring of the Mage {Wiz Archmagi}
 45904 | D:15     | Bought the ring "Xeuffimu" {rPois Slay+5} for 816 gold
                  | pieces
 46175 | Spider:1 | Entered Level 1 of the Spider Nest
 48389 | Spider:1 | Reached skill level 5 in Alchemy
 50127 | Spider:2 | Reached XP level 17. HP: 98/104 MP: 0/32
 51945 | Spider:3 | Reached skill level 15 in Conjurations
 52179 | Spider:3 | Reached skill level 15 in Earth Magic
 52821 | Spider:3 | Identified the +3 plate armour "Piottac" {Int+2 Dex+3
                  | Slay+6}
 53486 | Spider:3 | Noticed Asterion
 53494 | Spider:3 | Noticed Mlioglotl
 53754 | Spider:3 | Noticed an Executioner
 53968 | Spider:3 | Killed Mlioglotl
 54429 | Spider:3 | Killed Asterion
 54832 | Spider:4 | Entered Level 4 of the Spider Nest
 57217 | Spider:4 | Reached XP level 18. HP: 59/112 MP: 0/34
 58037 | Spider:4 | Reached skill level 5 in Shields
 60136 | Spider:4 | Got a gossamer rune of Zot
 60625 | Swamp:1  | Entered Level 1 of the Swamp
 60632 | Swamp:1  | Learned a level 5 spell: Freezing Cloud
 64496 | Swamp:3  | Noticed a tentacled monstrosity
 64505 | Swamp:3  | Killed a tentacled monstrosity
 65016 | Swamp:3  | Found a runed translucent door.
 65795 | Swamp:3  | Reached skill level 1 in Ice Magic
 66977 | Swamp:3  | Identified the ring "Xagiuxe" {rElec rN+ Dex+6}
 67331 | Swamp:4  | Entered Level 4 of the Swamp
 67353 | Swamp:4  | Reached skill level 15 in Fire Magic
 67363 | Swamp:4  | HP: 4/112 [spriggan druid/stone arrow (25)]
 67376 | Swamp:4  | Reached XP level 19. HP: 65/117 MP: 6/36
 71706 | Swamp:4  | Got a decaying rune of Zot
 72542 | Elf:1    | Entered Level 1 of the Elven Halls
 72544 | Elf:1    | Paralysed by an air elemental for 1 turns
 73919 | Elf:1    | Found Yzeext's Magic Scroll Emporium.
 73925 | Elf:1    | Bought a scroll of poison for 52 gold pieces
 73925 | Elf:1    | Bought a scroll of poison for 52 gold pieces
 73925 | Elf:1    | Bought a scroll of blinking for 97 gold pieces
 73925 | Elf:1    | Bought a scroll of immolation for 52 gold pieces
 74474 | Elf:1    | Found a huge runed translucent gate.
 74475 | Elf:1    | Found a huge runed translucent gate.
 74476 | Elf:1    | Found a huge runed translucent gate.
 74476 | Elf:1    | Found a huge runed translucent gate.
 74477 | Elf:1    | Found a huge runed translucent gate.
 74478 | Elf:1    | Found a huge runed translucent gate.
 74478 | Elf:1    | Found a huge runed translucent gate.
 74478 | Elf:1    | Found a huge runed translucent gate.
 74478 | Elf:1    | Found a huge runed translucent gate.
 74479 | Elf:1    | Found a huge runed translucent gate.
 74479 | Elf:1    | Found a huge runed translucent gate.
 74479 | Elf:1    | Found a huge runed translucent gate.
 74479 | Elf:1    | Found a huge runed translucent gate.
 74479 | Elf:1    | Found a huge runed translucent gate.
 74479 | Elf:1    | Found a huge runed translucent gate.
 74479 | Elf:1    | Found a huge runed translucent gate.
 74479 | Elf:1    | Found a huge runed translucent gate.
 74480 | Elf:1    | Found a huge runed translucent gate.
 74480 | Elf:1    | Found a huge runed translucent gate.
 74480 | Elf:1    | Found a huge runed translucent gate.
 76103 | D:5      | Bought a book of Annihilations for 780 gold pieces
 76533 | Vaults:1 | Entered Level 1 of the Vaults
 76894 | Depths:1 | Entered Level 1 of the Depths
 78264 | Elf:2    | Paralysed by an air elemental for 1 turns
 79185 | Elf:2    | Found a runed translucent gate.
 79187 | Elf:2    | Found a runed translucent gate.
 79187 | Elf:2    | Found a runed translucent gate.
 79225 | Elf:2    | Paralysed by an air elemental for 1 turns
 79451 | Elf:2    | Reached XP level 20. HP: 112/124 MP: 30/38
 82066 | Elf:3    | Entered Level 3 of the Elven Halls
 82651 | Elf:3    | Found an ancient bone altar of Kikubaaqudgha.
 82661 | Elf:3    | Reached skill level 15 in Spellcasting
 84856 | Elf:3    | Noticed a Tzitzimitl
 85008 | Elf:3    | Identified the +4 plate armour of Cotamil {rC+ Will+ Int+2}
 85192 | Elf:3    | Identified the +1 glaive "Ylick" {vamp, Will+ Dex+4 Stlth+}
 85194 | Elf:3    | Identified the +2 halberd of Ceygginn {venom, MP+9}
 85480 | Elf:3    | Identified the +8 whip of Equilibrium {protect, Fly rElec
                  | rF+}
 86636 | Elf:3    | Identified the staff of Disarray {rPois Earth}
 86800 | Elf:3    | Identified the +0 pair of boots of the Hall of Blades
                  | {Regen+ Slay+2}
 86837 | Elf:3    | Identified the +4 pair of boots of the Harp {Harm rElec
                  | Str+2 Int-4}
 86923 | Elf:3    | Learned a level 9 spell: Shatter
 87140 | D:13     | Bought the amulet of the Solstice {Acrobat Will+ Regen+
                  | rCorr Stlth+} for 1020 gold pieces
 87757 | D:13     | Learned a level 4 spell: Passage of Golubria
 88058 | Vaults:1 | Identified the +6 shortbow of Qesk {freeze, rF+++ rN+++
                  | Str-5 Dex-2}
 89244 | Vaults:1 | Reached XP level 21. HP: 48/132 MP: 28/40
 89685 | Vaults:1 | Reached skill level 5 in Ice Magic
 89829 | Vaults:1 | Noticed Zenata
 90023 | Vaults:1 | Killed Zenata
 91572 | Vaults:1 | Identified the +6 scale mail "Zoereh" {+Blink rF- rCorr}
 91881 | Vaults:1 | Found Ataehy's Assorted Antiques.
 91905 | Vaults:1 | Bought a scroll of teleportation for 93 gold pieces
 91905 | Vaults:1 | Bought a potion of brilliance for 124 gold pieces
 91905 | Vaults:1 | Bought a potion of brilliance for 124 gold pieces
 91905 | Vaults:1 | Bought a brightly glowing leather armour for 217 gold
                  | pieces
 91905 | Vaults:1 | Identified the +1 leather armour of Fiqom {Fly rPois Int-4}
                  | (You bought it in a shop on level 1 of the Vaults)
 93189 | Vaults:2 | You are sucked into a shaft and drop 1 floor!
 94997 | Vaults:2 | Found a transporter.
 95001 | Vaults:2 | Noticed a golden dragon
 95010 | Vaults:2 | Found a transporter.
 96456 | D:4      | Killed Gadfly's ghost
 96460 | D:4      | Killed misterblockey's ghost
 96804 | Orc:2    | Killed angrytalen3's ghost
 96805 | Orc:2    | Reached skill level 15 in Fighting
 96813 | Orc:2    | Identified the +2 pair of gloves "Puoront" {-Tele rCorr
                  | Int+8 Dex-5}
 97029 | Vaults:2 | Learned a level 5 spell: Iskenderun's Battlesphere
 97041 | Vaults:2 | Learned a level 9 spell: Fire Storm
 97108 | Vaults:3 | Found a staircase to the Crypt.
 97909 | Vaults:3 | Found Jaci's Jewellery Shoppe.
 98889 | Vaults:4 | Reached XP level 22. HP: 140/140 MP: 24/42
101355 | Vaults:5 | Entered Level 5 of the Vaults
101360 | Vaults:5 | Noticed a golden dragon
101561 | Abyss:2  | Cast into level 2 of the Abyss (a deep elf sorcerer)
101720 | Abyss:2  | Found a corrupted altar of Lugonu.
101727 | Abyss:2  | Found a corrupted altar of Lugonu.
101758 | Abyss:2  | Found a corrupted altar of Lugonu.
101763 | Vaults:4 | Escaped the Abyss
102087 | Vaults:4 | Learned a level 8 spell: Ignition
102140 | Vaults:5 | Killed a golden dragon
102160 | Vaults:5 | Noticed an ancient lich
102185 | Vaults:5 | Killed an ancient lich
103172 | Vaults:5 | Identified the ring of Virtue {rPois rF+ SInv}
103183 | Vaults:5 | Identified the +11 flail of Owner {freeze, ^Drain rN+ SInv}
103212 | Vaults:5 | Reached XP level 23. HP: 127/146 MP: 19/44
104710 | Vaults:5 | Got a silver rune of Zot
104743 | Vaults:5 | Identified the +8 sling "Sayfivvo" {elec, ^Drain rElec
                  | Int+4 Dex+2}
104749 | Vaults:5 | Noticed a dread lich
105303 | Elf:1    | Bought a scroll of amnesia for 52 gold pieces
105313 | Elf:1    | Learned a level 2 spell: Blink
106414 | Orc:2    | Bought a scroll of amnesia for 112 gold pieces
106429 | Orc:2    | Learned a level 7 spell: Ozocubu's Refrigeration
107336 | Vaults:4 | Killed a dread lich
107982 | Vaults:2 | Killed a golden dragon
108449 | Vaults:2 | Identified the +2 war axe of Prescription {venom, SInv}
109221 | Vaults:5 | Reached skill level 10 in Ice Magic
110102 | Vaults:5 | Got Sif Muna's Directory of Ill Luck and Immolation
110118 | Vaults:5 | Noticed a dread lich
110134 | Vaults:5 | Paralysed by a dread lich for 4 turns
110140 | Vaults:5 | Killed a dread lich
110681 | Vaults:5 | Got Vehumet's Information on Petrous Energy
111191 | Vaults:5 | Noticed an ancient lich
111689 | Vaults:5 | Killed an ancient lich
111921 | Vaults:5 | Acquired the +1 pair of gloves "Nyop" {Int+2}
113312 | Orc:2    | Bought the +0 mask of the Dragon {Will+ Slay+3 SInv} for
                  | 935 gold pieces
113312 | Orc:2    | Found the +0 mask of the Dragon {Will+ Slay+3 SInv}
113501 | Depths:1 | Found Focseteu's Assorted Antiques.
113506 | Depths:1 | Found Plog's Antique Weapon Boutique.
113509 | Depths:1 | Bought a pair of glowing gloves for 360 gold pieces
114529 | Depths:1 | Found a one-way gateway to a ziggurat.
114813 | Depths:1 | Found a gateway to Hell.
114916 | Depths:1 | Found a hazy altar of Hepliaklqana.
114996 | Depths:1 | Found a burning altar of Makhleb.
115283 | Depths:1 | Noticed the Enchantress
115289 | Depths:1 | Killed the Enchantress
116313 | Depths:1 | Reached XP level 24. HP: 144/154 MP: 29/45
116609 | Depths:1 | Gained mutation: You sometimes lose your temper in combat.
                  | [mutagenic glow]
116635 | Depths:1 | Gained mutation: Your body sometimes deteriorates upon
                  | taking damage. [mutagenic glow]
116784 | Depths:1 | Lost mutation: You sometimes lose your temper in combat.
                  | [potion of mutation]
116784 | Depths:1 | Lost mutation: Your body sometimes deteriorates upon taking
                  | damage. [potion of mutation]
116784 | Depths:1 | Gained mutation: Your flesh is heat resistant. (rF+)
                  | [potion of mutation]
116784 | Depths:1 | Gained mutation: You occasionally lose the ability to read
                  | scrolls when taking damage. [potion of mutation]
116784 | Depths:1 | Gained mutation: You have hidden genetic potential. [potion
                  | of mutation]
117582 | Depths:1 | Identified the +6 whip of Sudden Death {flame, Will+ rCorr}
118528 | Depths:2 | Found a one-way gate leading to the halls of Pandemonium.
119020 | Depths:2 | Found a glowing silver altar of Zin.
119021 | Depths:2 | Found a sacrificial altar of Ru.
119022 | Depths:2 | Found a snail-covered altar of Cheibriados.
119032 | Depths:2 | Noticed a caustic shrike
119037 | Depths:2 | Killed a caustic shrike
119039 | Depths:2 | Identified the ring of Obro {Ice rElec MP+9}
119039 | Depths:2 | Noticed Josephina
119504 | Depths:2 | Killed Josephina
120402 | Depths:2 | Gained mutation: You sometimes lose the ability to read
                  | scrolls when taking damage. [mutagenic glow]
121074 | Depths:2 | Identified the +6 scale mail "Ditrun" {rElec Will+}
122207 | Depths:2 | You are sucked into a shaft and drop 1 floor!
122478 | Depths:3 | Found Yhific's Jewellery Emporium.
122483 | Depths:3 | Found Rabro's Book Shop.
122484 | Depths:3 | Found Obaur's Jewellery Emporium.
122501 | Depths:3 | Bought the ring "Xeses" {Ice Int+5} for 1062 gold pieces
122890 | Depths:3 | Gained mutation: You do not regenerate when monsters are
                  | visible. [mutagenic glow]
122916 | Depths:3 | Lost mutation: You do not regenerate when monsters are
                  | visible. [potion of mutation]
122916 | Depths:3 | Lost mutation: You have hidden genetic potential. [potion
                  | of mutation]
122916 | Depths:3 | Lost mutation: You sometimes lose the ability to read
                  | scrolls when taking damage. [potion of mutation]
122916 | Depths:3 | Gained mutation: Your movements are slightly less
                  | encumbered by armour. (ER -2) [potion of mutation]
124227 | Depths:2 | Noticed a caustic shrike
124230 | Depths:2 | Killed a caustic shrike
124284 | Depths:2 | Noticed a caustic shrike
124287 | Depths:2 | Killed a caustic shrike
125006 | Depths:2 | Identified the +0 quarterstaff "Qurchunt" {venom, rF+ rN+}
125503 | Depths:2 | Learned a level 6 spell: Bombard
125679 | Depths:3 | Identified the orb of Yjola {*channel, Int+5}
125739 | Depths:3 | Identified the +6 quarterstaff of an ossuary {freeze, rElec
                  | rPois Will- Str+4}
125741 | Depths:3 | Reached XP level 25. HP: 136/161 MP: 12/46
126203 | Depths:3 | Found a portal to a secret trove of treasure.
126435 | Depths:3 | Found a one-way gate to the infinite horrors of the Abyss.
126540 | Depths:3 | Identified the +0 leather armour of Indomitability {Fly}
126742 | Depths:4 | Entered Level 4 of the Depths
128318 | Depths:4 | Reached skill level 10 in Armour
128802 | D:13     | Bought the +3 pair of seven-league boots {Rampage+∞} for
                  | 880 gold pieces
128802 | D:13     | Found the +3 pair of seven-league boots {Rampage+∞}
132020 | Depths:4 | Identified the +2 quick blade "Reriorch" {heavy, rPois
                  | Will+ SInv}
132026 | Depths:4 | Noticed Margery
132452 | Depths:4 | Killed Margery
132453 | Depths:4 | Reached skill level 10 in Shields
133077 | Depths:4 | Found a gate to the Realm of Zot.
133084 | Depths:4 | Identified the +6 orcbow of Sharkskin {drain, Str+2 Dex+3}
133224 | Depths:4 | Found a runed translucent door.
133731 | Depths:4 | Reached XP level 26. HP: 168/168 MP: 38/47
134067 | Depths:4 | Identified the +1 quarterstaff of the Beast {pain, rF+
                  | Str+3 Int+2}
134456 | Slime:1  | Entered Level 1 of the Pits of Slime
136709 | Slime:3  | Gained mutation: You sometimes lose the ability to read
                  | scrolls when taking damage. [a shining eye]
137693 | Slime:4  | Reached skill level 15 in Ice Magic
138338 | Slime:5  | Entered Level 5 of the Pits of Slime
139005 | Slime:5  | Found the amulet of the Four Winds {rN+ Will+++ Clar}
139878 | Slime:5  | Noticed the Royal Jelly
139882 | Slime:5  | Killed the Royal Jelly
140075 | Slime:5  | Got a slimy rune of Zot
140085 | Slime:5  | Got the Writings on Rot
140340 | Slime:5  | Identified the +3 flail "Hyfohuxe" {protect, +Blink Fly
                  | rC+}
140342 | Slime:5  | Got Wihezxemp's Tome of Unhallowed Mysteries and the
                  | Congregation
140495 | Slime:5  | Identified the +2 cloak of Objectivity {rPois Stlth+}
140500 | Slime:5  | Identified the +1 chain mail of Restlessness {Harm ^Drain
                  | rN++ Str+3}
140567 | Slime:5  | Identified the +0 chain mail "Jube" {rF+}
141136 | Depths:3 | Voluntarily entered the Abyss.
141234 | Abyss:3  | Gained mutation: You are vulnerable to cold. (rC-) [a
                  | shining eye]
141250 | Abyss:3  | Found a corrupted altar of Lugonu.
141353 | Depths:3 | Escaped the Abyss
141576 | Depths:3 | Voluntarily entered the Abyss.
142030 | Depths:3 | Escaped the Abyss
142242 | Depths:3 | Voluntarily entered the Abyss.
142334 | Abyss:4  | Found a corrupted altar of Lugonu.
142350 | Abyss:4  | Found a corrupted altar of Lugonu.
142356 | Abyss:4  | Got an abyssal rune of Zot
142403 | Abyss:5  | Noticed a dread lich
142430 | Depths:3 | Escaped the Abyss
143278 | Crypt:1  | Entered Level 1 of the Crypt
143300 | Crypt:1  | Learned a level 9 spell: Shatter
143368 | Crypt:1  | Reached XP level 27. HP: 176/176 MP: 41/48
147242 | Crypt:2  | Paralysed by a vampire knight for 5 turns
147725 | Crypt:2  | Identified the +2 chain mail of the Mackerel {rPois rCorr}
147880 | Crypt:2  | Identified the staff of Pid Oda {rC+ Dex+6 Ice}
148064 | Crypt:3  | Entered Level 3 of the Crypt
148222 | Crypt:3  | Identified the +0 robe "Gaetwenk" {Str+4}
148719 | Crypt:3  | Noticed a dread lich
148747 | Crypt:3  | Killed a dread lich
150001 | Crypt:3  | Found a staircase to the Tomb.
150025 | Crypt:3  | Identified the ring "Iwnuysm" {rF+ rC++ Str-4}
150658 | Crypt:3  | Identified the quicksilver dragon scales "Gilic" {Will+
                  | Str+3}
150794 | Crypt:3  | Identified the ring "Boukom" {rF+ rN+}
150850 | Crypt:3  | Identified the ring of Jyq Rasy {rN+ Int+6}
150850 | Crypt:3  | Identified the ring of Cieschimm {rF+ rN+}
150863 | Crypt:3  | Lost mutation: Your movements are slightly less encumbered
                  | by armour. (ER -2) [potion of mutation]
150863 | Crypt:3  | Lost mutation: You sometimes lose the ability to read
                  | scrolls when taking damage. [potion of mutation]
150863 | Crypt:3  | Gained mutation: You are somewhat resistant to further
                  | mutation. [potion of mutation]
150863 | Crypt:3  | Lost mutation: You occasionally lose the ability to read
                  | scrolls when taking damage. [potion of mutation]
150864 | Crypt:3  | Lost mutation: Your flesh is heat resistant. (rF+) [potion
                  | of mutation]
150864 | Crypt:3  | Lost mutation: You are somewhat resistant to further
                  | mutation. [potion of mutation]
150864 | Crypt:3  | Gained mutation: You are agile. (Dex +4, Str/Int -1)
                  | [potion of mutation]
150864 | Crypt:3  | Gained mutation: You have supernaturally acute eyesight.
                  | (SInv) [potion of mutation]
151880 | Crypt:3  | Found the +8 Vampire's Tooth {megavamp}
151885 | Crypt:3  | Identified the +0 scale mail of Conscience {rElec rC+}
152006 | Crypt:3  | Identified the +1 morningstar of Ruck {distort, Str+5 Int-3
                  | Dex+5}
152227 | Crypt:3  | Noticed a dread lich
152230 | Crypt:3  | Killed a dread lich
153127 | Crypt:3  | Identified the +7 sling "Imipt" {freeze, Str+2}
153130 | Crypt:3  | Identified the +1 hat "Teost" {Rampage SInv}
153631 | Zot:1    | Entered Level 1 of the Realm of Zot
155469 | Zot:1    | Identified the +6 ring mail of Gozag {rElec rCorr}
155943 | Zot:2    | Reached skill level 5 in Stealth
157342 | Zot:2    | Found the +4 dragonskin cloak
157342 | Zot:2    | Noticed Tiamat
157351 | Zot:2    | Killed Tiamat
159724 | Zot:2    | Bought a scroll of teleportation for 105 gold pieces
159724 | Zot:2    | Bought a potion of might for 140 gold pieces
159724 | Zot:2    | Bought a scroll of teleportation for 105 gold pieces
159724 | Zot:2    | Bought a scroll of immolation for 140 gold pieces
159879 | Depths:2 | Glimpsed the power of Zot.
159981 | Depths:1 | Bought runed ice dragon scales for 3024 gold pieces
160098 | D:13     | Bought the +8 orange crystal plate armour {Archmagi, Int+3
                  | Clar} for 3179 gold pieces
160098 | D:13     | Found the +8 orange crystal plate armour {Archmagi, Int+3
                  | Clar}
160130 | D:13     | Bought the ring of Ybompu {MP+9 AC+4 SInv} for 1322 gold
                  | pieces
163238 | Zot:4    | Reached skill level 5 in Dodging
166119 | Zot:5    | Entered Level 5 of the Realm of Zot
166153 | Zot:5    | Learned a level 9 spell: Polar Vortex
167358 | Zot:5    | Noticed a dread lich
167363 | Zot:5    | Killed a dread lich
167406 | Zot:5    | Noticed an orb of fire
167407 | Zot:5    | Noticed a dread lich
167410 | Zot:5    | Killed an orb of fire
167810 | Zot:5    | Killed a dread lich
168100 | Zot:5    | Noticed an orb of fire
168117 | Zot:5    | Killed an orb of fire
168134 | Zot:5    | Noticed a dread lich
168147 | Zot:5    | Noticed an ancient lich
168154 | Zot:5    | Killed an ancient lich
168482 | Zot:5    | Killed a dread lich
168809 | Zot:5    | Lost mutation: You have supernaturally acute eyesight.
                  | (SInv) [potion of mutation]
168809 | Zot:5    | Lost mutation: You are vulnerable to cold. (rC-) [potion of
                  | mutation]
168809 | Zot:5    | Lost mutation: You are agile. (Dex +4, Str/Int -1) [potion
                  | of mutation]
168809 | Zot:5    | Gained mutation: You are weak. (Str -2) [potion of
                  | mutation]
169016 | Hell     | Entered the Vestibule of Hell
169016 | Hell     | Noticed Geryon
169021 | Hell     | Killed Geryon
169110 | Depths:2 | Glimpsed the power of Zot.
169132 | Pan      | Entered Pandemonium
169546 | Pan      | Gained mutation: Your body sometimes deteriorates upon
                  | taking damage. [a cacodemon]
169605 | Pan      | Lost mutation: Your body sometimes deteriorates upon taking
                  | damage. [potion of mutation]
169605 | Pan      | Lost mutation: You are weak. (Str -2) [potion of mutation]
169605 | Pan      | Gained mutation: Your mind is acute. (Int +4, Str/Dex -1)
                  | [potion of mutation]
169605 | Pan      | Gained mutation: You are partially covered in large bone
                  | plates. (SH +4) [potion of mutation]
169605 | Pan      | Gained mutation: You have a pair of small horns on your
                  | head. [potion of mutation]
169605 | Pan      | Gained mutation: You possess an exceptional clarity of
                  | mind. [potion of mutation]
169720 | Pan      | Noticed Sasesch the pandemonium lord
169724 | Pan      | Killed Sasesch the pandemonium lord
169732 | Pan      | Gained mutation: You occasionally lose the ability to drink
                  | potions when taking damage. [a cacodemon]
172343 | Pan      | Noticed Kuor the pandemonium lord
172365 | Pan      | Killed Kuor the pandemonium lord
174260 | Pan      | Noticed Avicse the pandemonium lord
174287 | Pan      | Reached skill level 10 in Stealth
174287 | Pan      | Killed Avicse the pandemonium lord
174519 | Pan      | Identified the +3 scimitar "Suituv" {spect, rElec}
174902 | Pan      | Noticed Zenule the pandemonium lord
174909 | Pan      | Killed Zenule the pandemonium lord
175501 | Pan      | Noticed Yrianiuth the pandemonium lord
175506 | Pan      | Killed Yrianiuth the pandemonium lord
175874 | Pan      | Entered the realm of Gloorx Vloq.
177042 | Pan      | Found an exit through the horrors of the Abyss.
177910 | Pan      | Noticed Gloorx Vloq
177917 | Pan      | Killed Gloorx Vloq
177940 | Pan      | Got a dark rune of Zot
178005 | Pan      | Entered the realm of Lom Lobon.
178054 | Pan      | Identified the +5 quarterstaff of the Empty Page {speed,
                  | Int+4 Dex+3}
178565 | Pan      | Identified the +1 orcbow "Enufofah" {freeze, +Blink Fly
                  | Will+ rCorr}
178611 | Pan      | Reached skill level 15 in Armour
178834 | Pan      | Noticed Lom Lobon
178871 | Pan      | Killed Lom Lobon
179024 | Pan      | Got a magical rune of Zot
179853 | Pan      | Noticed Iteabi Hulu the pandemonium lord
179856 | Pan      | Killed Iteabi Hulu the pandemonium lord
179883 | Pan      | Found a runed translucent door.
180696 | Pan      | Found an exit through the horrors of the Abyss.
181654 | Pan      | Got a demonic rune of Zot
181960 | Pan      | Entered the realm of Cerebov.
181960 | Pan      | Found the +6 sword of Cerebov {flame}
181960 | Pan      | Noticed Cerebov
181967 | Pan      | Killed Cerebov
181982 | Pan      | Got a fiery rune of Zot
182335 | Pan      | Identified the ring "Vel Hab" {rF+ AC+4}
182425 | Pan      | Identified the staff "Ysiokh" {rN+ Str+2 Necro}
182513 | Pan      | Identified the +10 executioner's axe of Suplem {flame, rF++
                  | rCorr}
182520 | Pan      | Got the Vademecum on the Blaze and Doom
182529 | Pan      | Got the Reference Book on Breath and the Swarm
182534 | Pan      | Identified the +4 quarterstaff "Ytyxkuev" {venom, rElec
                  | rF++ Stlth+}
182573 | Pan      | Identified the +7 orcbow "Kyosoorr" {flame, ^Fragile rF++
                  | rCorr}
182578 | Pan      | Identified the +4 sling of Zin's Brutal Revenge {freeze,
                  | Int+2}
183080 | Pan      | Noticed Ignacio
183087 | Pan      | Killed Ignacio
183202 | Pan      | Noticed Niamm the pandemonium lord
183245 | Pan      | Gained mutation: You are frail. (-10% HP) [a cacodemon]
183481 | Pan      | Entered the realm of Mnoleg.
183823 | Pan      | Lost mutation: Your mind is acute. (Int +4, Str/Dex -1) [a
                  | neqoxec]
183930 | Pan      | Reached skill level 15 in Shields
184062 | Pan      | Gained mutation: You occasionally lose the ability to read
                  | scrolls when taking damage. [mutagenic glow]
184118 | Pan      | Lost mutation: You are frail. (-10% HP) [potion of
                  | mutation]
184118 | Pan      | Lost mutation: You possess an exceptional clarity of mind.
                  | [potion of mutation]
184243 | Pan      | Lost mutation: You have a pair of small horns on your head.
                  | [potion of mutation]
184243 | Pan      | Lost mutation: You are partially covered in large bone
                  | plates. (SH +4) [potion of mutation]
184243 | Pan      | Lost mutation: You occasionally lose the ability to read
                  | scrolls when taking damage. [potion of mutation]
184243 | Pan      | Gained mutation: Your spells are a little harder to cast,
                  | but a little more powerful. [potion of mutation]
184243 | Pan      | Gained mutation: You are partially covered in large bone
                  | plates. (SH +4) [potion of mutation]
184243 | Pan      | Gained mutation: You sometimes lose your temper in combat.
                  | [potion of mutation]
184243 | Pan      | Gained mutation: Your movements are slightly less
                  | encumbered by armour. (ER -2) [potion of mutation]
184245 | Pan      | Gained mutation: Your body sometimes deteriorates upon
                  | taking damage. [a neqoxec]
184256 | Pan      | Lost mutation: Your spells are a little harder to cast, but
                  | a little more powerful. [potion of mutation]
184256 | Pan      | Lost mutation: Your movements are slightly less encumbered
                  | by armour. (ER -2) [potion of mutation]
184256 | Pan      | Gained mutation: Your mind is acute. (Int +4, Str/Dex -1)
                  | [potion of mutation]
184257 | Pan      | Lost mutation: Your body sometimes deteriorates upon taking
                  | damage. [potion of mutation]
184257 | Pan      | Lost mutation: You are partially covered in large bone
                  | plates. (SH +4) [potion of mutation]
184257 | Pan      | Lost mutation: You occasionally lose the ability to drink
                  | potions when taking damage. [potion of mutation]
184257 | Pan      | Gained mutation: Your flesh is heat resistant. (rF+)
                  | [potion of mutation]
184257 | Pan      | Lost mutation: You sometimes lose your temper in combat.
                  | [potion of mutation]
184257 | Pan      | Gained mutation: You are robust. (+10% HP) [potion of
                  | mutation]
184257 | Pan      | Gained mutation: You passively dampen the noise of your
                  | surroundings. [potion of mutation]
184318 | Pan      | Gained mutation: You occasionally shout uncontrollably at
                  | your foes. [a cacodemon]
184331 | Pan      | Gained mutation: Potions are less effective at restoring
                  | your health. [a cacodemon]
184528 | Pan      | Gained mutation: You are weak. (Str -2) [a cacodemon]
184529 | Pan      | Lost mutation: Your mind is acute. (Int +4, Str/Dex -1) [a
                  | cacodemon]
184586 | Pan      | Gained mutation: You frequently scream uncontrollably at
                  | your foes. [a cacodemon]
184685 | Pan      | Gained mutation: You are clumsy. (Dex -2) [a cacodemon]
184818 | Pan      | Gained mutation: You sometimes lose your temper in combat.
                  | [a cacodemon]
184858 | Pan      | Lost mutation: You sometimes lose your temper in combat.
                  | [potion of mutation]
184858 | Pan      | Lost mutation: You frequently scream uncontrollably at your
                  | foes. [potion of mutation]
184858 | Pan      | Lost mutation: You passively dampen the noise of your
                  | surroundings. [potion of mutation]
184858 | Pan      | Gained mutation: You are very robust. (+20% HP) [potion of
                  | mutation]
184859 | Pan      | Lost mutation: You are clumsy. (Dex -2) [potion of
                  | mutation]
184859 | Pan      | Lost mutation: You are very robust. (+20% HP) [potion of
                  | mutation]
184859 | Pan      | Lost mutation: Potions are less effective at restoring your
                  | health. [potion of mutation]
184859 | Pan      | Gained mutation: You are dopey. (Int -2) [potion of
                  | mutation]
184859 | Pan      | Gained mutation: You have hidden genetic potential. [potion
                  | of mutation]
185146 | Pan      | Gained mutation: You occasionally lose the ability to drink
                  | potions when taking damage. [a neqoxec]
185188 | Pan      | Lost mutation: You are robust. (+10% HP) [a neqoxec]
185373 | Pan      | Gained mutation: You have a pair of small antennae on your
                  | head. [a cacodemon]
185583 | Pan      | Noticed Mnoleg
185593 | Pan      | Killed Mnoleg
186077 | Pan      | Got a glowing rune of Zot
186780 | Pan      | Gained mutation: You are very dopey. (Int -4) [a cacodemon]
187447 | Pan      | Gained mutation: You possess an exceptional clarity of
                  | mind. [a cacodemon]
188296 | Pan      | Reached skill level 10 in Dodging
188815 | Pan      | Noticed Ulec the pandemonium lord
188824 | Pan      | Killed Ulec the pandemonium lord
189271 | Pan      | Identified the +3 scale mail of the Fisher {Dex+3}
189320 | Pan      | Gained mutation: You have sharp toenails. [hidden
                  | potential]
189432 | Pan      | Lost mutation: You occasionally lose the ability to drink
                  | potions when taking damage. [potion of mutation]
189432 | Pan      | Lost mutation: You have sharp toenails. [potion of
                  | mutation]
189432 | Pan      | Gained mutation: You are clumsy. (Dex -2) [potion of
                  | mutation]
189432 | Pan      | Gained mutation: You expend magic power (3 MP) to
                  | strengthen your wands. [potion of mutation]
189433 | Pan      | Lost mutation: Your flesh is heat resistant. (rF+) [potion
                  | of mutation]
189433 | Pan      | Lost mutation: You possess an exceptional clarity of mind.
                  | [potion of mutation]
189433 | Pan      | Lost mutation: You have hidden genetic potential. [potion
                  | of mutation]
189433 | Pan      | Gained mutation: You possess an exceptional clarity of
                  | mind. [potion of mutation]
189433 | Pan      | Lost mutation: You are very dopey. (Int -4) [potion of
                  | mutation]
189514 | Pan      | Found an exit through the horrors of the Abyss.
189638 | Pan      | Took an exit into the Abyss.
189638 | Abyss:5  | Escaped into the Abyss
189645 | Abyss:5  | Found a corrupted altar of Lugonu.
189730 | Abyss:5  | Gained mutation: Your magical capacity is low. (-10% MP) [a
                  | neqoxec]
189765 | Abyss:5  | Noticed an ancient lich
189771 | Abyss:5  | Killed an ancient lich
189811 | Depths:2 | Escaped the Abyss
189922 | Zig:1    | Entered Level 1 of a ziggurat
189946 | Zig:1    | Lost mutation: You expend magic power (3 MP) to strengthen
                  | your wands. [potion of mutation]
189946 | Zig:1    | Lost mutation: You are dopey. (Int -2) [potion of mutation]
189946 | Zig:1    | Lost mutation: You have a pair of small antennae on your
                  | head. [potion of mutation]
189946 | Zig:1    | Gained mutation: You passively dampen the noise of your
                  | surroundings. [potion of mutation]
190082 | Zig:2    | Entered Level 2 of a ziggurat
190232 | Zig:3    | Entered Level 3 of a ziggurat
190416 | Zig:3    | Identified the +3 leather armour "Jaotup" {rPois Dex+5}
190433 | Zig:4    | Entered Level 4 of a ziggurat
190800 | Zig:5    | Entered Level 5 of a ziggurat
190973 | Zig:6    | Entered Level 6 of a ziggurat
191117 | Zig:6    | Identified the amulet of Womiamas {RegenMP rN+ rCorr}
191141 | Zig:7    | Entered Level 7 of a ziggurat
191442 | Zig:8    | Entered Level 8 of a ziggurat
191624 | Zig:8    | Identified the ring of Cewo {*Slow rN+ EV+5 Str+6}
191668 | Zig:9    | Entered Level 9 of a ziggurat
191764 | Zig:9    | Got the Annotations on the Legion and Places
191765 | Zig:9    | Identified the ring "Iffycunk" {Will+ SInv}
191770 | Zig:9    | Identified the ring "Toucucs" {*Corrode rPois Str+6 Dex+5
                  | Slay+3}
191794 | Zig:9    | Lost mutation: You possess an exceptional clarity of mind.
                  | [potion of mutation]
191794 | Zig:9    | Lost mutation: You occasionally shout uncontrollably at
                  | your foes. [potion of mutation]
191794 | Zig:9    | Gained mutation: You have hidden genetic potential. [potion
                  | of mutation]
191803 | Zig:10   | Entered Level 10 of a ziggurat
191925 | Zig:10   | Identified the +8 halberd "Koodut" {spect, Str+5}
191946 | Zig:11   | Entered Level 11 of a ziggurat
192075 | Zig:11   | Identified the +2 plate armour of the Evening Star
                  | {Rampage}
192076 | Zig:11   | Identified the +5 short sword "Wyurig" {freeze, rN+ Dex+4}
192077 | Zig:11   | Identified the +5 bardiche "Dragonbane" {antimagic, rN++
                  | Int-5 Dex+10}
192134 | Zig:12   | Entered Level 12 of a ziggurat
192139 | Zig:12   | Noticed a dread lich
192139 | Zig:12   | Noticed a dread lich
192143 | Zig:12   | Killed a dread lich
192144 | Zig:12   | Killed a dread lich
192267 | Zig:12   | Identified the +9 rapier of Articulation {protect, *Rage
                  | +Blink rPois rF+}
192504 | Zig:13   | Entered Level 13 of a ziggurat
192509 | Zig:13   | Noticed Veor the pandemonium lord
192509 | Zig:13   | Noticed Liecient the pandemonium lord
192509 | Zig:13   | Noticed Uzedo the pandemonium lord
192512 | Zig:13   | Killed Liecient the pandemonium lord
192514 | Zig:13   | Killed Veor the pandemonium lord
192515 | Zig:13   | Killed Uzedo the pandemonium lord
192659 | Zig:13   | Identified the ring "Toem" {Wiz rF+ Str+3 Dex-5}
192675 | Zig:13   | Identified the +1 leather armour of Ornamental Happiness
                  | {rF+ Regen+}
192700 | Zig:13   | Lost mutation: You are weak. (Str -2) [potion of mutation]
192700 | Zig:13   | Lost mutation: You are clumsy. (Dex -2) [potion of
                  | mutation]
192700 | Zig:13   | Lost mutation: You passively dampen the noise of your
                  | surroundings. [potion of mutation]
192700 | Zig:13   | Gained mutation: You are partially covered in iridescent
                  | scales. (AC +2) [potion of mutation]
192700 | Zig:13   | Gained mutation: You have sharp toenails. [potion of
                  | mutation]
192709 | Zig:14   | Entered Level 14 of a ziggurat
192719 | Zig:14   | Found the +8 demon trident "Rift" {distort, reach+}
192846 | Zig:14   | Identified the +7 lajatang of Instinct {flame, Str+4}
193152 | Zig:15   | Entered Level 15 of a ziggurat
193157 | Zig:15   | Noticed Piumeisch the pandemonium lord
193158 | Zig:15   | Noticed Hamomu the pandemonium lord
193158 | Zig:15   | Noticed Cionkof the pandemonium lord
193158 | Zig:15   | Noticed Syhuezug the pandemonium lord
193159 | Zig:15   | Noticed Luosmid the pandemonium lord
193159 | Zig:15   | Noticed Xawkonn the pandemonium lord
193159 | Zig:15   | Noticed Xomalam the pandemonium lord
193161 | Zig:15   | Killed Syhuezug the pandemonium lord
193162 | Zig:15   | Killed Piumeisch the pandemonium lord
193163 | Zig:15   | Killed Hamomu the pandemonium lord
193163 | Zig:15   | Killed Cionkof the pandemonium lord
193164 | Zig:15   | Reached skill level 15 in Stealth
193164 | Zig:15   | Killed Xawkonn the pandemonium lord
193164 | Zig:15   | Killed Luosmid the pandemonium lord
193164 | Zig:15   | Killed Xomalam the pandemonium lord
193165 | Zig:15   | Identified the staff of Bespelling Execution {rC+ rN+ Str+2
                  | Stlth+ Necro}
193310 | Zig:15   | Identified the +7 longbow of the Heavens {speed, *Slow rC+
                  | Int+2 Dex+3}
193318 | Zig:15   | Identified the staff of Stickiness {rF+ rC+ rN+ Dex-2 Tloc
                  | Fire}
193334 | Zig:15   | Identified the +0 ring mail of Wrong Decisions {Dex+7
                  | Stlth-}
193428 | Zig:16   | Entered Level 16 of a ziggurat
193441 | Zig:16   | Gained mutation: Your muscles are strong. (Str +4, Int/Dex
                  | -1) [hidden potential]
193862 | Zig:16   | Got the Folio of Bewitching Virulence
193869 | Zig:16   | Identified the +6 sling "Gesy" {drain, ^Contam rF+++ Str+5
                  | Int+2}
193874 | Zig:16   | Identified the +0 robe of Kindness {rElec rPois rC++ Str-4}
193875 | Zig:16   | Identified the staff "Beetleslayer" {rElec rF+ rCorr Str+3
                  | Fire}
193946 | Zig:16   | Identified the +7 great sword of the Genius {heavy, Will-
                  | Dex+4 SInv}
194016 | Zig:17   | Entered Level 17 of a ziggurat
194021 | Zig:17   | Noticed a royal mummy
194021 | Zig:17   | Noticed a royal mummy
194021 | Zig:17   | Noticed a royal mummy
194023 | Zig:17   | Noticed a royal mummy
194025 | Zig:17   | Noticed a royal mummy
194025 | Zig:17   | Killed a royal mummy
194025 | Zig:17   | Killed a royal mummy
194025 | Zig:17   | Killed a royal mummy
194026 | Zig:17   | Killed a royal mummy
194028 | Zig:17   | Killed a royal mummy
194168 | Zig:17   | Identified the +8 flail of Crusades {freeze, rN+}
194183 | Zig:17   | Identified the +8 short sword of Plunder {freeze, ^Fragile
                  | rElec rF+++ Str-2}
194225 | Zig:17   | Identified the staff "Hudog" {rElec rC++ Air}
194429 | Zig:18   | Entered Level 18 of a ziggurat
194609 | Zig:18   | Identified the ring "Seyse" {rElec rPois rCorr}
194686 | Zig:18   | Lost mutation: Your muscles are strong. (Str +4, Int/Dex
                  | -1) [potion of mutation]
194686 | Zig:18   | Lost mutation: You have sharp toenails. [potion of
                  | mutation]
194686 | Zig:18   | Lost mutation: Your magical capacity is low. (-10% MP)
                  | [potion of mutation]
194686 | Zig:18   | Gained mutation: You expend magic power (3 MP) to
                  | strengthen your wands. [potion of mutation]
194686 | Zig:18   | Gained mutation: You are robust. (+10% HP) [potion of
                  | mutation]
194686 | Zig:18   | Gained mutation: Your natural rate of healing is unusually
                  | fast. [potion of mutation]
194802 | Zig:18   | Reached skill level 27 in Spellcasting
194806 | Zig:18   | Reached skill level 5 in Maces & Flails
194813 | Zig:19   | Entered Level 19 of a ziggurat
194823 | Zig:19   | Found the +9 scales of the Dragon King {rPois rF+ rC+
                  | Will+}
195209 | Zig:19   | Identified the staff "Viykol" {rC+ Conj}
195225 | Zig:19   | Got the Tome of Calling
195231 | Zig:19   | Identified the +10 dagger of Peril {heavy, Dex+6}
195324 | Zig:20   | Entered Level 20 of a ziggurat
195334 | Zig:20   | Found the +3 greatsling "Punk" {acid, rCorr}
195406 | Zig:20   | Identified the +2 ring mail "Cimn" {*Slow rElec rPois
                  | rF+++}
195424 | Zig:20   | Identified the +0 ring mail "Dipp" {Regen+}
195530 | Zig:21   | Entered Level 21 of a ziggurat
195538 | Zig:21   | Gained mutation: You are clumsy. (Dex -2) [a shining eye]
195542 | Zig:21   | Gained mutation: You are covered in fur. (AC +1) [hidden
                  | potential]
195542 | Zig:21   | Lost mutation: You have hidden genetic potential. [hidden
                  | potential expressed]
195788 | Zig:21   | Identified the staff of the Pure Bounties {rElec Necro Air}
195864 | Zig:21   | Identified the ring of Ycivewaorr {rC+ Will++ Int+2 Dex+2
                  | Slay-2}
195943 | Zig:22   | Entered Level 22 of a ziggurat
196096 | Zig:22   | Identified the +7 war axe "Zemej" {speed, rN+ Int+3 SInv}
196103 | Zig:22   | Identified the +5 mace "Ywox" {spect, rN+ Dex+4}
196148 | Zig:22   | Identified the +8 morningstar "Withogu" {freeze, rElec}
196157 | Zig:22   | Acquired 817 gold pieces
196221 | Zig:23   | Entered Level 23 of a ziggurat
196229 | Zig:23   | Noticed a dread lich
196231 | Zig:23   | Killed a dread lich
196343 | Zig:23   | Found the +10 zealot's sword {holy, Zealotry, *Rage rN+
                  | EV+3}
196376 | Zig:23   | Identified the +2 trident "Qapaluer" {chaos, Fly rPois rN+
                  | Str+2}
196382 | Zig:23   | Identified the +2 battleaxe "Qiubas" {antimagic, Will-
                  | Str+4}
196529 | Zig:24   | Entered Level 24 of a ziggurat
196538 | Zig:24   | Noticed a dread lich
196542 | Zig:24   | Killed a dread lich
196549 | Zig:24   | Identified the staff "Qefrot" {rElec Dex+3 Stlth- Fire Air}
196818 | Zig:24   | Identified the ring of Goeweq {rN+ Str+3}
196822 | Zig:24   | Got the Compendium of the Earthen Missiles
196823 | Zig:24   | Identified the +1 kite shield of the Valley {rPois}
196825 | Zig:24   | Identified the staff of Xom's Whim {Str+3 Conj Summ}
196828 | Zig:24   | Identified the +4 mace "Jaewaysm" {heavy, rF- Will+ rCorr
                  | Str+4}
196830 | Zig:24   | Got the Elucidation of Dark Erosion
196931 | Zig:25   | Entered Level 25 of a ziggurat
197171 | Zig:25   | Found the +3 crown of Dyrovepreva {rElec Int+2 SInv}
197195 | Zig:25   | Identified the +6 broad axe of the Lusting Gods {holy,
                  | rPois rF++ rCorr Str-4}
197198 | Zig:25   | Identified the +6 great mace of the Distant Future {venom,
                  | rF++}
197202 | Zig:25   | Identified the +4 mace of the Other Side {freeze, Will+}
197203 | Zig:25   | Identified the +3 orcbow of the Gloaming {flame, rF+ rCorr}
197210 | Zig:25   | Identified the +5 spear "Irrucw" {holy, *Rage rC- Str+2
                  | Int+10}
197215 | Zig:25   | Identified the +5 scale mail "Uvvoj" {Dex+3 SInv}
197218 | Zig:25   | Identified the staff of Leituid {rF+ rN+ Int+4 SInv Necro
                  | Tloc}
197236 | Zig:25   | Identified the +11 whip of Orhih {holy, ^Drain Str+2
                  | Stlth+}
197416 | Zig:26   | Entered Level 26 of a ziggurat
197431 | Zig:26   | Found the +3 Elemental Staff {ele, rElec rF+ rC+ AC+3}
197433 | Zig:26   | Gained mutation: You are occasionally teleported next to
                  | monsters. [a shining eye]
197533 | Zig:26   | Lost mutation: You are robust. (+10% HP) [potion of
                  | mutation]
197533 | Zig:26   | Lost mutation: You are occasionally teleported next to
                  | monsters. [potion of mutation]
197533 | Zig:26   | Lost mutation: You are partially covered in iridescent
                  | scales. (AC +2) [potion of mutation]
197533 | Zig:26   | Gained mutation: Your skin changes colour to match your
                  | surroundings (Stealth+). [potion of mutation]
197533 | Zig:26   | Gained mutation: Your muscles are strong. (Str +4, Int/Dex
                  | -1) [potion of mutation]
197564 | Zig:26   | Identified the +9 war axe of Jirex {elec, rPois Will+
                  | rCorr}
197570 | Zig:26   | Identified the +9 falchion of the Stopping Shrike {flame,
                  | MP+9 Str+3}
197573 | Zig:26   | Identified the staff of Harmony {rPois Str+4 Int-4 Alchemy}
197595 | Zig:26   | Identified the +2 mace of the End {freeze, rF- rC+++ Str+4}
197605 | Zig:26   | Identified the amulet "Ezenuoxu" {rPois Regen+ Dex+2}
197613 | Zig:26   | Identified the +5 mace of Fate {protect, *Corrode rC+ Will+
                  | Dex+3}
197616 | Zig:26   | Identified the +4 battleaxe of Junguila {antimagic, rC-
                  | Str+5}
197634 | Zig:26   | Identified the amulet "Duunach" {Faith *Corrode Int+4 Dex+5
                  | SInv}
197720 | Zig:27   | Entered Level 27 of a ziggurat
197730 | Zig:27   | Found the +3 pair of gauntlets of War {Slay+5}
198148 | Zig:27   | Identified the +7 great sword of Batwarhu {flame, rN+}
198154 | Zig:27   | Identified the +2 spear of Sudden Death {pain, rElec rC++}
198166 | Zig:27   | Identified the ring of Efaivenn {Str+6 Dex+3}
198168 | Zig:27   | Identified the staff of Proximity {rC+ rN+ Necro}
198201 | Zig:27   | Identified the +4 flail of the Wheel {venom, Str+3 Int+3
                  | Dex-3}
198972 | Depths:1 | Lost mutation: Your muscles are strong. (Str +4, Int/Dex
                  | -1) [potion of mutation]
198972 | Depths:1 | Lost mutation: Your natural rate of healing is unusually
                  | fast. [potion of mutation]
198972 | Depths:1 | Lost mutation: You expend magic power (3 MP) to strengthen
                  | your wands. [potion of mutation]
198972 | Depths:1 | Lost mutation: Your skin changes colour to match your
                  | surroundings (Stealth+). [potion of mutation]
198972 | Depths:1 | Gained mutation: Your flesh is cold resistant. (rC+)
                  | [potion of mutation]
198973 | Depths:1 | Lost mutation: You are clumsy. (Dex -2) [potion of
                  | mutation]
198973 | Depths:1 | Lost mutation: Your flesh is cold resistant. (rC+) [potion
                  | of mutation]
198973 | Depths:1 | Lost mutation: You are covered in fur. (AC +1) [potion of
                  | mutation]
198973 | Depths:1 | Gained mutation: You have sharp toenails. [potion of
                  | mutation]
198973 | Depths:1 | Gained mutation: You are agile. (Dex +4, Str/Int -1)
                  | [potion of mutation]
199997 | Hell     | Found a gateway to the freezing wastes of Cocytus.
200157 | Hell     | Found a gateway to the Iron City of Dis.
200369 | Hell     | Found a gateway to the ashen valley of Gehenna.
200564 | Hell     | Found a gateway to the decaying netherworld of Tartarus.
200961 | Tomb:1   | Entered Level 1 of the Tomb of the Ancients
201800 | Tomb:1   | Noticed a royal mummy
201803 | Tomb:1   | Killed a royal mummy
201824 | Tomb:1   | Reached skill level 27 in Earth Magic
201828 | Tomb:1   | Noticed a royal mummy
201835 | Tomb:1   | Killed a royal mummy
203221 | Tomb:1   | Noticed a royal mummy
203226 | Tomb:1   | Killed a royal mummy
203226 | Tomb:1   | Noticed a royal mummy
203228 | Tomb:1   | Noticed a royal mummy
203228 | Tomb:1   | Noticed a royal mummy
203228 | Tomb:1   | Noticed a royal mummy
203242 | Tomb:1   | Killed a royal mummy
203242 | Tomb:1   | Killed a royal mummy
203245 | Tomb:1   | Noticed a royal mummy
203247 | Tomb:1   | Killed a royal mummy
203255 | Tomb:1   | Killed a royal mummy
203255 | Tomb:1   | Killed a royal mummy
203521 | Tomb:1   | Noticed a royal mummy
203527 | Tomb:1   | Killed a royal mummy
203528 | Tomb:1   | Reached skill level 27 in Ice Magic
203641 | Tomb:1   | Noticed a royal mummy
203647 | Tomb:1   | Killed a royal mummy
203707 | Tomb:1   | Noticed a royal mummy
203711 | Tomb:1   | Killed a royal mummy
203746 | Tomb:1   | Noticed a royal mummy
203750 | Tomb:1   | Killed a royal mummy
203832 | Tomb:1   | Noticed a royal mummy
203835 | Tomb:1   | Killed a royal mummy
203839 | Tomb:1   | Noticed a royal mummy
203841 | Tomb:1   | Noticed a royal mummy
203841 | Tomb:1   | Noticed a royal mummy
203841 | Tomb:1   | Noticed a royal mummy
203844 | Tomb:1   | Killed a royal mummy
203844 | Tomb:1   | Killed a royal mummy
203844 | Tomb:1   | Killed a royal mummy
203844 | Tomb:1   | Killed a royal mummy
205227 | Tomb:2   | Noticed a royal mummy
205227 | Tomb:2   | Noticed a royal mummy
205235 | Tomb:2   | Killed a royal mummy
205241 | Tomb:2   | Killed a royal mummy
205241 | Tomb:2   | Noticed a royal mummy
205241 | Tomb:2   | Noticed a royal mummy
205629 | Tomb:2   | Reached skill level 27 in Conjurations
205630 | Tomb:2   | Noticed a royal mummy
205642 | Tomb:1   | Killed a royal mummy
205898 | Tomb:2   | Noticed a royal mummy
205900 | Tomb:2   | Killed a royal mummy
205903 | Tomb:2   | Killed a royal mummy
205904 | Tomb:2   | Noticed Khufu
205906 | Tomb:2   | Killed a royal mummy
205907 | Tomb:2   | Noticed a royal mummy
206480 | Tomb:2   | Killed a royal mummy
206480 | Tomb:2   | Killed Khufu
207622 | Tomb:3   | Entered Level 3 of the Tomb of the Ancients
208128 | Tomb:3   | Reached skill level 27 in Fighting
208132 | Tomb:3   | Noticed a royal mummy
208134 | Tomb:3   | Killed a royal mummy
208134 | Tomb:3   | Noticed a royal mummy
208136 | Tomb:3   | Killed a royal mummy
208137 | Tomb:3   | Noticed a royal mummy
208159 | Tomb:3   | Noticed a royal mummy
208492 | Tomb:3   | Killed a royal mummy
208492 | Tomb:3   | Noticed a royal mummy
208493 | Tomb:3   | Noticed a royal mummy
208493 | Tomb:3   | Noticed a royal mummy
208493 | Tomb:3   | Noticed a royal mummy
208494 | Tomb:3   | Killed a royal mummy
208495 | Tomb:3   | Killed a royal mummy
208495 | Tomb:3   | Killed a royal mummy
208495 | Tomb:3   | Killed a royal mummy
208941 | Tomb:3   | Killed a royal mummy
209131 | Tomb:3   | Noticed a royal mummy
209137 | Tomb:3   | Killed a royal mummy
209225 | Tomb:3   | Found the +8 frozen axe "Frostbite" {freeze, freezing
                  | cloud, *Noise Fly rC+}
209241 | Tomb:3   | Identified the +0 battleaxe of the Wicked God {pain, Dex+2}
209246 | Tomb:3   | Identified the +3 steam dragon scales of the Rose {rC++
                  | Dex-4}
209259 | Tomb:3   | Identified the amulet "Casi" {Acrobat ^Fragile rN+ Dex+2
                  | Slay+3}
209298 | Tomb:3   | Identified the amulet of Ephemeral Luck {Faith rC+ Str+6}
209708 | Tomb:3   | Got a golden rune of Zot
210291 | Depths:1 | Learned a level 6 spell: Starburst
210344 | Depths:1 | Bought a scroll of teleportation for 123 gold pieces
210344 | Depths:1 | Bought a scroll of revelation for 307 gold pieces
210562 | Vaults:3 | Bought a ring of wizardry for 360 gold pieces
210825 | Coc:1    | Entered Level 1 of Cocytus
210829 | Coc:1    | Reached skill level 1 in Staves
211161 | Coc:2    | Reached skill level 5 in Staves
211997 | Coc:4    | Paralysed by a wendigo for 1 turns
212713 | Coc:5    | Gained mutation: You are weak. (Str -2) [mutagenic glow]
212729 | Coc:5    | Gained mutation: You occasionally shout uncontrollably at
                  | your foes. [mutagenic glow]
213794 | Coc:7    | Entered Level 7 of Cocytus
214456 | Coc:7    | Reached skill level 10 in Staves
215966 | Coc:7    | Got the Book of the Gaseous Legion
215968 | Coc:7    | Identified the +7 spear of the Burning Bear {venom, rC+
                  | Will+}
215969 | Coc:7    | Identified the staff of the Kissing Gods {rF++ rN+ Str+3
                  | Necro}
216071 | Coc:7    | Paralysed by a wendigo for 1 turns
216110 | Coc:7    | Gained mutation: Your magical capacity is low. (-10% MP)
                  | [mutagenic glow]
216386 | Coc:7    | Noticed Antaeus
216402 | Coc:7    | Killed Antaeus
216416 | Coc:7    | Noticed the Serpent of Hell
216427 | Coc:7    | Killed the Serpent of Hell
216460 | Coc:7    | Paralysed by a wendigo for 1 turns
216684 | Coc:7    | Got an icy rune of Zot
216965 | Coc:7    | Reached skill level 10 in Translocations
217061 | Coc:7    | Identified the +4 scimitar of Vuzusar {protect, Str+3
                  | Stlth+}
218007 | Hell     | Lost mutation: You have sharp toenails. [potion of
                  | mutation]
218007 | Hell     | Lost mutation: You are weak. (Str -2) [potion of mutation]
218007 | Hell     | Lost mutation: You occasionally shout uncontrollably at
                  | your foes. [potion of mutation]
218007 | Hell     | Gained mutation: You passively dampen the noise of your
                  | surroundings. [potion of mutation]
218007 | Hell     | Gained mutation: You have supernaturally acute eyesight.
                  | (SInv) [potion of mutation]
218008 | Hell     | Lost mutation: You passively dampen the noise of your
                  | surroundings. [potion of mutation]
218008 | Hell     | Lost mutation: You have supernaturally acute eyesight.
                  | (SInv) [potion of mutation]
218008 | Hell     | Lost mutation: Your magical capacity is low. (-10% MP)
                  | [potion of mutation]
218008 | Hell     | Gained mutation: Your spells are a little harder to cast,
                  | but a little more powerful. [potion of mutation]
218008 | Hell     | Gained mutation: You have supernaturally acute eyesight.
                  | (SInv) [potion of mutation]
218217 | Geh:1    | Entered Level 1 of Gehenna
218477 | Geh:1    | Reached skill level 27 in Armour
218932 | Geh:2    | Noticed a dread lich
218937 | Geh:2    | Killed a dread lich
220546 | Geh:4    | Noticed an ancient lich
220551 | Geh:4    | Killed an ancient lich
222410 | Geh:7    | Entered Level 7 of Gehenna
222533 | Geh:7    | Reached skill level 15 in Staves
225272 | Geh:7    | Found the +13 sceptre of Asmodeus
225272 | Geh:7    | Noticed Asmodeus
225278 | Geh:7    | Killed Asmodeus
225341 | Geh:7    | Got an obsidian rune of Zot
226247 | Hell     | Learned a level 3 spell: Swiftness
226419 | Dis:1    | Entered Level 1 of the Iron City of Dis
226528 | Dis:1    | Noticed a dread lich
226533 | Dis:1    | Killed a dread lich
227914 | Dis:3    | Reached skill level 27 in Fire Magic
228469 | Dis:4    | Noticed an ancient lich
228474 | Dis:4    | Killed an ancient lich
229548 | Dis:6    | Noticed an ancient lich
229557 | Dis:6    | Killed an ancient lich
230240 | Dis:7    | Entered Level 7 of the Iron City of Dis
230907 | Dis:7    | Noticed a juggernaut
230936 | Dis:7    | Killed a juggernaut
231836 | Dis:7    | Reached skill level 1 in Evocations
231938 | Dis:7    | Identified the amulet "Pidghin" {Reflect Int+3 SH+5}
232393 | Dis:7    | Gained mutation: You occasionally lose the ability to drink
                  | potions when taking damage. [mutagenic glow]
232732 | Dis:7    | Got an iron rune of Zot
233106 | Dis:7    | Noticed Dispater
233116 | Dis:7    | Killed Dispater
233574 | Dis:7    | Identified the +3 leather armour of Wodi {Str+3 Int+2
                  | Dex-4}
234250 | Dis:7    | Noticed a juggernaut
234253 | Dis:7    | Killed a juggernaut
234287 | Dis:7    | Reached skill level 5 in Throwing
234864 | Dis:7    | Noticed a juggernaut
234869 | Dis:7    | Killed a juggernaut
235056 | Tar:1    | Entered Level 1 of Tartarus
235100 | Tar:1    | Reached skill level 1 in Air Magic
237341 | Tar:5    | Reached skill level 5 in Evocations
237642 | Tar:5    | You are sucked into a shaft and drop 1 floor!
238087 | Tar:7    | Entered Level 7 of Tartarus
239086 | Tar:7    | Reached skill level 15 in Translocations
239624 | Tar:7    | Noticed Ereshkigal
239632 | Tar:7    | Got a bone rune of Zot
239633 | Tar:7    | Killed Ereshkigal
239650 | Tar:7    | Reached skill level 5 in Air Magic
240291 | Tar:7    | Identified the amulet "Catruk" {Acrobat rN+}
241235 | Tar:7    | Identified the ring "Tuqoedyn" {rCorr Str+2}
241273 | Tar:7    | Identified the amulet of Fiatz {Spirit Dex+3}
241275 | Tar:7    | Identified the +2 great sword "Qaleo" {holy, Str+2}
241697 | Tar:7    | Reached skill level 27 in Shields
241861 | Tar:7    | Identified the +2 leather armour of Dishonesty {Rampage
                  | rPois Will+ Dex+3}
241877 | Tar:7    | Identified the +1 plate armour of Udirruh {Str+3}
241906 | Tar:7    | Identified the staff of Strategic Superiority {SInv Earth}
242814 | Zot:5    | Got the Orb of Zot
243184 | Depths:1 | Noticed Curph the pandemonium lord
243191 | Depths:1 | Killed Curph the pandemonium lord
243233 | D:15     | Noticed Tilotekh the pandemonium lord
243251 | D:15     | Killed Tilotekh the pandemonium lord
243537 | D:$      | Escaped with the Orb!

Illustrated notes

Levels and vault maps discovered:
D:1:      lemuel_arrival_muddy, layout_basic
D:2:      layout_loops_corners, basic_altar, uniq_robin
D:3:      layout_loops_ring, columned_hall_lemuel, kennysheep_nondescript
D:4:      layout_loops_ring, portal_sewer_entry_a, gammafunk_ghost_cemetery
D:5:      layout_cave_pools, minmay_temple_entry_ruins, serial_demonic,
          serial_demonic_d, serial_demonic_f, serial_demonic_b,
          serial_demonic_g, uniq_ijyb
D:6:      layout_loops_ring, mainiacjoe_overflow_alcove_3
D:7:      layout_cave_pools, nicolae_zen_rock_garden,
          nicolae_elevator_lobby_asterisk
D:8:      layout_cave_pools, grunt_temple_overflow_holy_war,
          minmay_misc_feat_tower
D:9:      layout_cave_pods, cheibrodos_worm_habitat,
          nicolae_qazlal_style_of_elements, serial_column_ruins,
          column_ruins_open_medium, column_ruins_open_medium,
          column_ruins_open_tiny, column_ruins_open_tiny,
          column_ruins_open_tiny, serial_shops, shop, grunt_ministairs_12,
          corexii_checkpoint, st_stairs_3, uniq_grum, uniq_pikel, uniq_jeremiah,
          uniq_erica
D:10:     layout_grid_maze, dpeg_lair_monsters
D:11:     layout_loops_ring, erik_orc_2, uniq_gastronok, uniq_harold
D:12:     layout_rooms, portal_ice_cave_entry_pillars_2, uniq_fannar,
          uniq_erolcha
D:13:     layout_basic, erik_vaults_1
D:14:     layout_basic, special_room [special_room_mythical_zoo],
          infiniplex_staircase_pool_2, statue_in_the_mist_lemuel, uniq_rupert
D:15:     hangedman_depths_entry_civil_slaughter, layout_loops_corners,
          minivault_27
Temple:   nicolae_temple_great_sept
Lair:1:   layout_cellular_growth
Lair:2:   layout_cave_pods, mainiacjoe_swamp_entry_angry_trees, basic_altar
Lair:3:   layout_misc_corridors, nicolae_spider_entry_lesser_pyramids,
          serial_bayou_shore_a, lemuel_fruit_fields, grunt_megastairs_1,
          lemuel_fruit_tree
Lair:4:   nzn_winding_woodlands_stair_trap
          [nzn_winding_woodlands_5x15_river_crossing,
          nzn_winding_woodlands_5x15_eye,
          nzn_winding_woodlands_5x15_lazy_stream,
          nzn_winding_woodlands_15x15_thick_spiral,
          nzn_winding_woodlands_5x15_pathside_ponds,
          nzn_winding_woodlands_5x15_zeroes,
          nzn_winding_woodlands_5x15_sidewinder], layout_gridlike,
          nicolae_slime_entry_slimehenge, lemuel_another_geyser
Lair:5:   cheibrodos_lair_end_hotspot, layout_hall_layers, kennysheep_rathole
Swamp:1:  layout_falls_marsh, evilmike_swamp_ruin_house_5, swamp_pool_1_2
Swamp:2:  layout_basic_swamp, hangedman_swamp_ruin_hall, swamp_pool_1_2,
          hangedman_swamp_diagram
Swamp:3:  gammafunk_mikee_crab_dinner, layout_basic_swamp,
          evilmike_swamp_ruin_house_4
Swamp:4:  nzn_swamp_witches_coven, layout_basic_swamp
Spider:1: layout_chambers, drop_trap, nicolae_spider_claw_tunnel
Spider:2: layout_spider_delve
Spider:3: layout_cave_pods, uniq_mlioglotl, uniq_asterion
Spider:4: grunt_spider_rune_circles, nicolae_spider_stair_cavern
Slime:1:  layout_caves
Slime:2:  layout_caves
Slime:3:  layout_caves, nicolae_slime_getting_an_eyeful
Slime:4:  cheibrodos_slime_lost_civilization_1, layout_caves
Slime:5:  slime_pit_nicolae_inversion
Orc:1:    layout_diamond_mine, basic_altar, uniq_maurice
Orc:2:    st_orc_ogre_mass, layout_caves, gammafunk_ghost_berserking_beasts
Elf:1:    minmay_elf_arrival_plus, layout_loops_cross, serial_shops,
          nicolae_shop_pleasant_corner_grove, hangedman_elf_represent
Elf:2:    nicolae_elf_blades_crystal_corner, layout_onion_city, minivault_19
Elf:3:    minmay_elf_hall_spiked, layout_rooms, basic_altar, grunt_megastairs_2
Vaults:1: nicolae_vaults_three_branches, v_misc_12, v_pattern_3,
          nicolae_vaults_ninety_degrees, nicolae_vaults_alarming,
          ontoclasm_vaults_twist, hangedman_vaults_variations,
          nicolae_vaults_double_plus_2, v_misc_17, st_cross,
          nicolae_vaults_ring_of_whatevers, nicolae_vaults_trapezoid_lopsided_1,
          v_alt_pattern_4, layout_vaults_omnibox, serial_shops,
          nicolae_shop_trees, uniq_zenata
Vaults:2: v_rooms_4, hangedman_vaults_hat, v_rooms_3, v_misc_10,
          gammafunk_sealed_arena, hangedman_vaults_slice,
          hangedman_vaults_locks, vaults_dpeg_hooks, nicolae_vaults_house_2,
          layout_vaults_omnicross
Vaults:3: minmay_crypt_entry_vampire_xt, serial_ice_h,
          nicolae_vaults_storage_closets_3, nicolae_vaults_trapezoid_3,
          hangedman_vaults_stretched_pinwheel, hangedman_vaults_corner_blocks,
          vaults_room_pool, nicolae_vaults_diagonal_hallway_7,
          layout_vaults_omnigrid, serial_shops, shop
Vaults:4: v_misc_5, v_alt_pattern_2, nicolae_vaults_sightless_eye,
          hangedman_vaults_stagger, hangedman_vaults_cutoff,
          grunt_vaults_bifocal, hangedman_vaults_stitches,
          ontoclasm_vaults_tryst, vaults_dpeg_ring, vaults_dpeg_diagonal,
          nicolae_vaults_house_2, layout_vaults_ring
Vaults:5: serial_shops
Crypt:1:  layout_misc_corridors, lemuel_upstairs_altar,
          roderic_lattice_octagonal_star, grunt_crypt_arrival_webbed
Crypt:2:  hangedman_hall_of_fallen_heroes, layout_chaotic_city
Crypt:3:  due_elkab, layout_chaotic_city, tomb_entry_simple_bobbens
Tomb:1
Tomb:2:   uniq_khufu
Tomb:3
Depths:1: evilmike_diamond_1, layout_gridlike, enter_ziggurat_a,
          lemuel_coloured_pillars_altar, hellmouth_1, makhleb_altar_promises_db,
          minmay_shop_star, firewood_loft, uniq_enchantress, uniq_sojobo
Depths:2: hangedman_slaughterboxes, hell_entry, pan_entry, uniq_josephina
Depths:3: minmay_ambush_box, layout_gridlike, dk_noncrumbling_3,
          abyss_entry_small_statue_room, pf_hell_entry_tar_river, enter_trove_1,
          minmay_staircase_bubble, minmay_shop_grove
Depths:4: lemuel_castle_with_subvaults [lemuel_castle_interior_carwin_1],
          layout_gridville, pf_coc_iceberg, hangedman_decor_diamond_cutter,
          hangedman_abyss_or_decor_stagger, minmay_acid_items, uniq_margery
Hell
Dis:1:    layout_jigsaw
Dis:2:    layout_subdivisions
Dis:3:    nicolae_dis_hell_of_blades
Dis:4:    layout_overlapping_boxes
Dis:5:    layout_regular_city
Dis:6:    layout_overlapping_boxes
Dis:7:    dis_grunt_layers
Geh:1:    layout_gehenna_pools_basic
Geh:2:    layout_gehenna_pools_triple
Geh:3:    layout_gehenna_lava_caves
Geh:4:    layout_gehenna_lava_caves
Geh:5:    layout_gehenna_lava_caves
Geh:6:    layout_gehenna_pools_box
Geh:7:    geh_hangedman
Coc:1:    layout_cocytus_delve, nicolae_hells_seeping_fissure
Coc:2:    layout_ice_bergs
Coc:3:    layout_cocytus_delve
Coc:4:    layout_cocytus_water_paths
Coc:5:    layout_ice_bergs
Coc:6:    layout_cocytus_water_paths
Coc:7:    coc_mu
Tar:1:    layout_catacombs
Tar:2:    layout_honeycomb
Tar:3:    layout_catacombs
Tar:4:    layout_grid_maze
Tar:5:    layout_cathedral_of_symmetry
Tar:6:    layout_cathedral_of_symmetry
Tar:7:    tar_mu [tar_mu_maze]
Zot:1:    kennysheep_ambush_hall, layout_misc_corridors
Zot:2:    nicolae_zot_stationary_front, layout_cathedral_of_symmetry,
          grunt_ministairs_15, regret_index_zotdec_onion_hex, uniq_tiamat
Zot:3:    layout_gridville
Zot:4:    kennysheep_room_grid, layout_twisted_circle, skrybe_zot_glass_3
Zot:5:    layout_cellular_growth

Skill      XL: |  1  2  3  4  5  6  7  8  9 10 11 12 13 14 15 16 17 18 19 20 21 22 23 24 25 26 27 |
---------------+----------------------------------------------------------------------------------+-----
Conjurations   | 2 3 4 6 7 8 9 10 11 12 13 14 15 16 17 18 19 20 21 27 | 27.0
Fighting       | 1 2 3 4 5 6 7 8 9 10 11 12 13 14 15 16 17 18 19 27 | 27.0
Dodging        | 2 11 | 11.7
Translocations | 1 2 3 4 5 6 7 15 | 15.6
Fire Magic     | 1 2 3 4 6 7 8 9 10 11 12 13 14 15 16 17 27 | 27.0
Alchemy        | 3 4 5 6 |  6.4
Spellcasting   | 3 4 5 7 8 9 10 11 12 13 14 15 16 17 18 19 20 21 27 | 27.0
Earth Magic    | 2 4 6 8 9 11 12 13 14 15 16 17 19 20 27 | 27.0
Armour         | 3 4 5 6 7 9 11 27 | 27.0
Shields        | 3 4 6 7 8 10 27 | 27.0
Ice Magic      | 1 3 4 5 8 11 12 14 16 27 | 27.0
Stealth        | 15 | 15.9
Throwing       | 8 |  8.8
Maces & Flails | 5 |  5.0
Staves         | 22 | 22.3
Evocations     | 7 |  7.7
Air Magic      | 6 |  6.1

Action                     |  1- 3 |  4- 6 |  7- 9 | 10-12 | 13-15 | 16-18 | 19-21 | 22-24 | 25-27 || total
---------------------------+-------+-------+-------+-------+-------+-------+-------+-------+-------++-------
  Melee: Whip              |    29 |       |       |       |       |       |       |       |       ||    29
         Punch             |     1 |     1 |     2 |     5 |     1 |       |     1 |       |       ||    11
         Dagger            |    18 |    85 |    75 |    17 |       |       |       |       |       ||   195
         Mace              |       |       |   153 |    19 |       |       |       |       |       ||   172
         Trident           |       |       |       |   193 |   346 |       |       |     9 |       ||   548
         Morningstar       |       |       |       |       |   111 |   353 |   234 |   233 |  1677 ||  2608
         Staff             |       |       |       |       |       |       |       |       |   538 ||   538
         Headbutt          |       |       |       |       |       |       |       |       |   182 ||   182
         Eveningstar       |       |       |       |       |       |       |       |       |    13 ||    13
  Throw: Javelin           |       |       |       |       |     1 |       |     1 |       |       ||     2
   Cast: Sting             |    33 |    56 |   126 |    34 |    32 |    21 |     6 |     2 |     1 ||   311
         Mephitic Cloud    |       |       |    15 |    30 |    35 |    19 |    13 |     7 |     1 ||   120
         Olgreb's Toxic Ra |       |       |    25 |    43 |   138 |   175 |   103 |    22 |     6 ||   512
         Sticky Flame      |       |       |    12 |    42 |    84 |    16 |    45 |    65 |    31 ||   295
         Blink             |       |       |       |     5 |     7 |    18 |     6 |    11 |    32 ||    79
         Stone Arrow       |       |       |       |    10 |    55 |   172 |    86 |    10 |       ||   333
         Iskenderun's Myst |       |       |       |     5 |     7 |    29 |    43 |    46 |   100 ||   230
         Orb of Destructio |       |       |       |       |    23 |    86 |   204 |   147 |   703 ||  1163
         Irradiate         |       |       |       |       |       |    45 |    32 |    46 |   152 ||   275
         Freezing Cloud    |       |       |       |       |       |     9 |    17 |     2 |       ||    28
         Shatter           |       |       |       |       |       |       |     1 |       |    95 ||    96
         Fire Storm        |       |       |       |       |       |       |     3 |    53 |   236 ||   292
         Passage of Golubr |       |       |       |       |       |       |     2 |    14 |    59 ||    75
         Ignition          |       |       |       |       |       |       |       |     5 |       ||     5
         Ozocubu's Refrige |       |       |       |       |       |       |       |    72 |   610 ||   682
         Passwall          |       |       |       |       |       |       |       |     1 |       ||     1
         Bombard           |       |       |       |       |       |       |       |       |   640 ||   640
         Polar Vortex      |       |       |       |       |       |       |       |       |   218 ||   218
 Invoke: Call Merchant     |       |       |     1 |       |     2 |     1 |     2 |       |     2 ||     8
         Potion Petition   |       |       |       |       |     2 |    10 |     3 |     5 |    45 ||    65
  Evoke: Wand              |       |       |       |       |    11 |    35 |     9 |     4 |    19 ||    78
         Phantom mirror    |       |       |       |       |       |       |     1 |     1 |     4 ||     6
         Lightning rod     |       |       |       |       |       |       |       |     2 |    22 ||    24
    Use: Scroll            |     3 |       |    12 |     9 |     9 |    14 |    12 |    13 |    41 ||   113
         Potion            |       |       |     2 |     1 |     7 |     7 |     2 |     7 |    58 ||    84
   Stab: Sleeping          |       |       |     3 |     4 |     3 |     3 |     3 |     1 |     2 ||    19
         Confused          |       |       |     1 |     7 |     5 |     1 |     1 |     2 |     1 ||    18
         Distracted        |       |       |     1 |     2 |     4 |       |     3 |       |    10 ||    20
 Armour: Robe              |    40 |    41 |   242 |    97 |       |   786 |   582 |   376 |       ||  2164
         Leather armour    |       |       |       |   153 |   251 |       |       |       |       ||   404
         Ring mail         |       |       |       |       |   452 |    86 |       |       |       ||   538
         Acid dragon scale |       |       |       |       |       |       |       |   240 |  1418 ||  1658
         Skin              |       |       |       |       |       |       |       |       |  1077 ||  1077
         Quicksilver drago |       |       |       |       |       |       |       |       |   851 ||   851
         Crystal plate arm |       |       |       |       |       |       |       |       |   697 ||   697
         Fire dragon scale |       |       |       |       |       |       |       |       |    98 ||    98
         Gold dragon scale |       |       |       |       |       |       |       |       |    26 ||    26
  Dodge: Dodged            |    49 |    39 |   195 |   201 |   442 |   466 |   321 |   329 |  2280 ||  4322
  Block: Buckler           |       |       |       |       |       |   295 |   239 |   223 |       ||   757
         Reflection        |       |       |       |       |       |       |       |     5 |       ||     5
         Kite shield       |       |       |       |       |       |       |       |       |    16 ||    16
